Workbook

Sheet Dados de Entrada
B1: DADOS DE ENTRADA
B3: INFORMAÇÕES GERAIS | G3: VEÍCULOS | L3: PNEUS
C4: Tempo de Contrato (meses) | E4: 24 | G4: MICRO-ÔNIBUS (veículo tipo 21 a 36 passageiros) | L4: Micro-Ônibus
C5: Número de dias do período letivo | E5: 200 | H5: Modelo Paradigma | J5: Micro Ônibus Iveco 70c17 Way C | M5: Preço médio pneu 0km (por pneu) | O5: 1735.32
C6: Alíquota de ISS | E6: 0.05 | H6: Ano do Modelo Paradigma | J6: 2016 | M6: Preço médio recapagem (por pneu) | O6: 800
H7: Preço | J7: 228000 | L7: ÔNIBUS
B8: ÍNDICES | H8: Modelo 0km de Referência (ORE1) | J8: 436266.8 | M8: Preço médio pneu 0km (por pneu) | O8: 2794.9
C9: Taxa pré-fixada da TLP 02/2026 | E9: 0.0777 | G9: ÔNIBUS (veículo tipo >36 passageiros) | M9: Preço médio recapagem (por pneu) | O9: 550
C10: IPCA | H10: Modelo Paradigma | J10: Comil Svelto Ano 2016 Volvo B270f Mwm 6cc 2p | L10: VAN
C11: 2026 | E11: 0.0381 | F11: =IF(E4>=12-MONTH(TODAY()),(E11+E$9)/12*(12-MONTH(TODAY())),(E11+E$9)/12*E4) -> 0.0386 | H11: Ano do Modelo Paradigma | J11: 2016 | M11: Preço médio pneu 0km (por pneu) | O11: 842.85
C12: 2027 | E12: 0.0418 | F12: =IF(E$4>=24-MONTH(TODAY()),E12+E$9,IF(E$4-12+MONTH(TODAY())<0,0,(E12+E$9)/12*(E$4-12+MONTH(TODAY())))) -> 0.1195 | H12: Preço | J12: 269900 | M12: Preço médio recapagem (por pneu) | O12: 400
C13: 2028 | E13: 0.038 | F13: =IF(E$4>=36-MONTH(TODAY()),E13+E$9,IF(E$4-24+MONTH(TODAY())<0,0,(E13+E$9)/12*(E$4-24+MONTH(TODAY())))) -> 0.077133333 | H13: Modelo 0km de Referência (ORE3) | J13: 497152.49
C14: 2029 | E14: 0.035 | F14: =IF(E$4>=48-MONTH(TODAY()),E14+E$9,IF(E$4-36+MONTH(TODAY())<0,0,(E14+E$9)/12*(E$4-36+MONTH(TODAY())))) -> 0 | G14: VAN (veículo tipo 16 a 20 passageiros) | L14: OUTROS INSUMOS
C15: 2030 | E15: 0.035 | F15: =IF(E$4>=60-MONTH(TODAY()),E15+E$9,IF(E$4-48+MONTH(TODAY())<0,0,(E15+E$9)/12*(E$4-48+MONTH(TODAY())))) -> 0 | H15: Modelo Paradigma | J15: Mercedes-Benz Sprinter Van 2.2 Cdi 415 | L15: Custos Fixos
C16: 2031 | E16: 0.035 | F16: =IF(E$4>=72-MONTH(TODAY()),E16+E$9,IF(E$4-60+MONTH(TODAY())<0,0,(E16+E$9)/12*(E$4-60+MONTH(TODAY())))) -> 0 | H16: Ano do Modelo Paradigma | J16: 2016 | M16: Licenciamento Anual e Taxa de Bombeiro (valor anual) | O16: 182.32
H17: Preço | J17: 159970 | M17: DPVAT (valor anual) *isento 2023/24 | O17: 0
H18: Modelo 0km de Referência | J18: 378544 | M18: Vistoria DETRAN (valor anual) | O18: 200
M19: Seguro de Responsabilidade Civil (valor anual) | O19: 150
G20: REMUNERAÇÃO DOS MOTORISTAS | M20: Preço m² Adesivagem | O20: 300
G21: Remuneração Motorista de Micro-Ônibus 1 (21 a 36 passageiros) | M21: Preço Serviço de Rastreamento (valor mensal) | O21: 1200
H22: Salário | J22: 2093.08 | M22: GRU + Selagem + Ensaio do Tacógrafo (valor bienal) | O22: 217.3646
H23: Benefícios/mês (caso não exista, deixar em branco) | L23: Custos Variáveis
G24: Remuneração Motorista de Ônibus 3 (>36 passageiros) | M24: Preço Combustível (litro) | O24: 7.18
H25: Salário | J25: 3043.51 | M25: Preço Óleo do Motor (litro) | O25: 49.33
H26: Benefícios/mês (caso não exista, deixar em branco) | M26: Preço Óleo Caixa (litro) | O26: 42.99
G27: Remuneração Motorista de Van (16 a 20 passageiros) | M27: Preço Óleo Diferencial (litro) | O27: 46.99
H28: Salário | J28: 1762.03 | M28: Preço Fluido de Freio (litro) | O28: 44.88
H29: Benefícios/mês (caso não exista, deixar em branco) | M29: Preço Graxa (litro) | O29: 40.9
G30: Fonte da Informação: | M30: Preço Lavagem (unitário)
M31: Ônibus | O31: 170
M32: Micro-ônibus | O32: 140
M33: Van | O33: 60
M34: Caminhonete | O34: 50
M35: Periodicidade da Limpeza (Km/semana) | O35: 250

Sheet Rotas
A1: Planilha Orçamentária
A3: Rotas | B3: Itinerário | C3: Turnos | D3: Capacidade Mínima do Veículo | E3: Tipo de Veículo | F3: Diário não pavimentado (Km) | G3: Diário pavimentado (Km) | H3: Total Diária (Km) | I3: Valor Km não pavimentado | J3: Valor Km pavimentado | K3: Custo fixo | L3: Valor Anual (R$) | M3: Valor Contrato (R$)
A4: 1 | B4: O itinerario da manhã tem inicio no Sítio Carangueijo (-8,373512 -35,59045) Emb. 7, continuando no Sítio Carangueijo (-8,372929 -35,591444) Emb. 2, continuando no Sítio Carangueijo (-8,375029 -35,593449) Emb. 7, continuando no Sítio Carangueijo (-8,379704 -35,599303) Emb. 3, passando no Sítio Valentinho (-8,391637 -35,610933) Emb. 4, continuando no Sítio Valentinho (-8,392471 -35,612126) Emb. 4, passando na Fzd. Aça-Flor (-8,397209 -35,61349) Emb. 4, passando no Sítio Cabeleireira (-8,415018 -35,615408) Emb. 4, continuando no Sítio Cabeleireira (-8,417478 -35,617091) Emb. 5, continuando no Sítio Cabeleireira (-8,418895 -35,618022) Emb. 1, passando no Sítio Jussara (-8,421833 -35,655576) Emb. 5, parando na Esc. Mul. David Gonçalves (-8,421901 -35,661441) Desemb. 6, parando na Esc. Mul. Francisdete Tenorio de Holanda (-8,424797 -35,676165) Desemb. 5, parando na Esc. Mul. Manoel Damásio Monteiro (-8,420982 -35,665841) Desemb. 4, parando na EREM Leobaldo Soares da Silva (-8,418077 -35,663152) Desemb. 10, parando na Creche tia Waldja/Esc. Mul Maria Judite (-8,418205 -35,663783) Desemb. 5, parando na Esc. Mul. Claudio Lopes (-8,417256 -35,665274) Desemb. 5, e finalizando na Esc. Mul. Ministro Marcos Freire (-8,414492 -35,665366) Desemb. 9. | C4: Manha | D4: 44 | E4: Ônibus 3 | F4: 16.82 | G4: 20.58 | H4: =IF(E4="","",F4+G4) -> 37.4 | I4: =IF(E4="Ônibus 3",Ônibus!L$46,IF(E4="Micro-Ônibus",'Micro-Ônibus'!L$46,IF(E4="Van",Van!L$45,""))) -> 6.7621218 | J4: =IF(E4="Ônibus 3",Ônibus!M$46,IF(E4="Micro-Ônibus",'Micro-Ônibus'!M$46,IF(E4="Van",Van!M$45,""))) -> 5.3926974 | K4: =IF(E4="Ônibus 3",Ônibus!E$39,IF(E4="Micro-Ônibus",'Micro-Ônibus'!E$39,IF(E4="Van",Van!E$39,""))) -> 13296.208 | L4: =(F4*I4+G4*J4)*200+K4*12 -> 204498.61 | M4: =IF(L4="","",L4*('Dados de Entrada'!$E$4)/12) -> 408997.22
A5: 2 | B5: O itinerario da manhã tem inicio no Estreito (-8,413706 -35,707867) Emb. 3, passando no Carvão (-8,409895 -35,697056) Emb. 1, passando na Fzd. Ma&pe (-8,406159 -35,692727) Emb. 2, passando no Riacho seco (-8,39904 -35,694455) Emb. 2, continuando no Riacho seco (-8,398037 -35,696064) Emb. 2, passando na Fzd. Purarema (-8,419711 -35,685541) Emb. 2, passando na Fzd. Arco Íris (-8,425293 -35,686975) Emb. 3, parando na Esc. Mul. David Gonçalves (-8,421901 -35,661441) Desemb. 2, parando na EREM Leobaldo Soares da Silva (-8,418077 -35,663152) Desemb. 6, parando na Creche tia Waldja/Esc. Mul Maria Judite (-8,418205 -35,663783) Desemb. 4, e finalizando na Esc. Mul. Claudio Lopes (-8,417256 -35,665274) Desemb. 3. O itinerario de devolução do integral realizado nas terças e quintas tem inicio na Esc. Mul Maria Judite (-8,418205 -35,663783) Emb. 4, passando na EREM Leobaldo Soares da Silva (-8,418077 -35,663152) Emb. 6, parando na Fzd. Arco Íris (-8,425293 -35,686975) Desemb. 2, parando na Fzd. Purarema (-8,419711 -35,685541) Desemb. 2, parando na Fzd. Ma&pe (-8,406159 -35,692727) Desemb. 2, parando no Riacho seco (-8,398037 -35,696064) Desemb. 2, parando no Carvão (-8,409895 -35,697056) Desemb. 1, e finalizando no Estreito (-8,413706 -35,707867) Desemb. 1. | C5: Manha e Integral | D5: 16 | E5: Van | F5: 21.18 | G5: 19.94 | H5: =IF(E5="","",F5+G5) -> 41.12 | I5: =IF(E5="Ônibus 3",Ônibus!L$46,IF(E5="Micro-Ônibus",'Micro-Ônibus'!L$46,IF(E5="Van",Van!L$45,""))) -> 2.4383146 | J5: =IF(E5="Ônibus 3",Ônibus!M$46,IF(E5="Micro-Ônibus",'Micro-Ônibus'!M$46,IF(E5="Van",Van!M$45,""))) -> 1.9430614 | K5: =IF(E5="Ônibus 3",Ônibus!E$39,IF(E5="Micro-Ônibus",'Micro-Ônibus'!E$39,IF(E5="Van",Van!E$39,""))) -> 8372.293 | L5: =(F5*I5+G5*J5)*200+K5*12 -> 118545.14 | M5: =IF(L5="","",L5*('Dados de Entrada'!$E$4)/12) -> 237090.29
A6: 3 | B6: O itinerario da manhã e integral tem inicio nos Coelhos (-8,390666 -35,6515) Emb. 2, passando no Sítio Oseias (-8,410089 -35,658036) Emb. 2, continuando no Sítio Oseias (-8,408468 -35,655477) Emb. 1, parando no EREM Leobaldo Soares da Silva (-8,418077 -35,663152) Desemb. 3, e finalizando na Creche tia Waldja/Esc. Mul Maria Judite (-8,418205 -35,663783) Desemb. 2. (Apenas nas terças e quintas é realizada a devolução do integral). | C6: Manha e Integral | D6: 16 | E6: Van | F6: 12.24 | G6: 2.45 | H6: =IF(E6="","",F6+G6) -> 14.69 | I6: =IF(E6="Ônibus 3",Ônibus!L$46,IF(E6="Micro-Ônibus",'Micro-Ônibus'!L$46,IF(E6="Van",Van!L$45,""))) -> 2.4383146 | J6: =IF(E6="Ônibus 3",Ônibus!M$46,IF(E6="Micro-Ônibus",'Micro-Ônibus'!M$46,IF(E6="Van",Van!M$45,""))) -> 1.9430614 | K6: =IF(E6="Ônibus 3",Ônibus!E$39,IF(E6="Micro-Ônibus",'Micro-Ônibus'!E$39,IF(E6="Van",Van!E$39,""))) -> 8372.293 | L6: =(F6*I6+G6*J6)*200+K6*12 -> 107388.61 | M6: =IF(L6="","",L6*('Dados de Entrada'!$E$4)/12) -> 214777.22
A7: 4 | B7: O itinerario da manhã tem inicio no Eng capivarinha (-8,446909 -35,606803) Emb. 1, continuando no Eng capivarinha (-8,447125 -35,609623) Emb. 2, continuando no Eng capivarinha (-8,44762 -35,611429) Emb. 1, continuando no Eng capivarinha (-8,448695 -35,612999) Emb. 2, continuando no Eng capivarinha (-8,447573 -35,617788) Emb. 2, continuando no Eng capivarinha (-8,447147 -35,619616) Emb. 3, continuando no Eng capivarinha (-8,447168 -35,611749) Emb. 2, continuando no Eng capivarinha (-8,446829 -35,608672) Emb. 3, parando na Esc. Mul. David Gonçalves (-8,421901 -35,661441) Desemb. 2, parando na Esc. Mul. Francisdete Tenorio de Holanda (-8,424797 -35,676165) Desemb. 2, parando na Esc. Mul. Manoel Damásio Monteiro (-8,420982 -35,665841) Desemb. 2, parando na Creche tia Waldja/Esc. Mul Maria Judite (-8,418205 -35,663783) Desemb. 4, parando na Esc. Mul. Claudio Lopes (-8,417256 -35,665274) Desemb. 3, e finalizando na Esc. Mul. Ministro Marcos Freire (-8,414492 -35,665366) Desemb. 3. O itinerario de devolução do integral realizado nas terças e quintas tem inicio na Creche tia Waldja/Esc. Mul Maria Judite (-8,418205 -35,663783) Emb. 1, passando na Esc. Mul. Francisdete Tenorio de Holanda (-8,424797 -35,676165) Emb. 2, parando no Eng capivarinha (-8,447573 -35,617788) Desemb. 2, e finalizando no Eng capivarinha (-8,447147 -35,619616) Emb. 1. | C7: Manha e Integral | D7: 16 | E7: Van | F7: 8.06 | G7: 41.69 | H7: =IF(E7="","",F7+G7) -> 49.75 | I7: =IF(E7="Ônibus 3",Ônibus!L$46,IF(E7="Micro-Ônibus",'Micro-Ônibus'!L$46,IF(E7="Van",Van!L$45,""))) -> 2.4383146 | J7: =IF(E7="Ônibus 3",Ônibus!M$46,IF(E7="Micro-Ônibus",'Micro-Ônibus'!M$46,IF(E7="Van",Van!M$45,""))) -> 1.9430614 | K7: =IF(E7="Ônibus 3",Ônibus!E$39,IF(E7="Micro-Ônibus",'Micro-Ônibus'!E$39,IF(E7="Van",Van!E$39,""))) -> 8372.293 | L7: =(F7*I7+G7*J7)*200+K7*12 -> 120599.32 | M7: =IF(L7="","",L7*('Dados de Entrada'!$E$4)/12) -> 241198.65
A8: 5 | B8: O itinerario da manhã tem inicio no Sítio Colinas (-8,432292 -35,577979) Emb. 2, continuando no Sítio Colinas (-8,43252 -35,5803) Emb. 3, passando no Sítio Gata (-8,43831 -35,586679) Emb. 3, continuando no Sítio Gata (-8,443794 -35,591344) Emb. 3, passando no Sítio Silvestre (-8,448509 -35,588255) Emb. 3, parando na Esc. Mul. David Gonçalves (-8,421901 -35,661441) Desemb. 4, parando na Esc. Mul. Manoel Damásio Monteiro (-8,420982 -35,665841) Desemb. 3, parando na EREM Leobaldo Soares da Silva (-8,418077 -35,663152) Desemb 5, e finalizando na Esc. Mul. Claudio Lopes (-8,417256 -35,665274) Desemb. 2. O itinerario do integral realizado nas terças e quintas tem inicio no EREM Leobaldo Soares da Silva (-8,418077 -35,663152) Emb. 5, parando no Sítio Silvestre (-8,448509 -35,588255) Desemb. 1, parando no Sítio Gata (-8,443794 -35,591344) Desemb. 1, continuando no Sítio Gata (-8,43831 -35,586679) Desemb. 2, e finalizando no Sítio Colinas (-8,432292 -35,577979) Desemb. 1. | C8: Manha e Integral | D8: 16 | E8: Van | F8: 15.96 | G8: 33.35 | H8: =IF(E8="","",F8+G8) -> 49.31 | I8: =IF(E8="Ônibus 3",Ônibus!L$46,IF(E8="Micro-Ônibus",'Micro-Ônibus'!L$46,IF(E8="Van",Van!L$45,""))) -> 2.4383146 | J8: =IF(E8="Ônibus 3",Ônibus!M$46,IF(E8="Micro-Ônibus",'Micro-Ônibus'!M$46,IF(E8="Van",Van!M$45,""))) -> 1.9430614 | K8: =IF(E8="Ônibus 3",Ônibus!E$39,IF(E8="Micro-Ônibus",'Micro-Ônibus'!E$39,IF(E8="Van",Van!E$39,""))) -> 8372.293 | L8: =(F8*I8+G8*J8)*200+K8*12 -> 121210.84 | M8: =IF(L8="","",L8*('Dados de Entrada'!$E$4)/12) -> 242421.67
A9: 10 | H9: =IF(E9="","",F9+G9) | I9: =IF(E9="Ônibus 3",Ônibus!L$46,IF(E9="Micro-Ônibus",'Micro-Ônibus'!L$46,IF(E9="Van",Van!L$45,""))) | J9: =IF(E9="Ônibus 3",Ônibus!M$46,IF(E9="Micro-Ônibus",'Micro-Ônibus'!M$46,IF(E9="Van",Van!M$45,""))) | K9: =IF(E9="Ônibus 3",Ônibus!E$39,IF(E9="Micro-Ônibus",'Micro-Ônibus'!E$39,IF(E9="Van",Van!E$39,""))) | L9: =(F9*I9+G9*J9)*200+K9*12 -> #VALUE! | M9: =IF(L9="","",L9*('Dados de Entrada'!$E$4)/12) -> #VALUE!
A10: 11 | H10: =IF(E10="","",F10+G10) | I10: =IF(E10="Ônibus 3",Ônibus!L$46,IF(E10="Micro-Ônibus",'Micro-Ônibus'!L$46,IF(E10="Van",Van!L$45,""))) | J10: =IF(E10="Ônibus 3",Ônibus!M$46,IF(E10="Micro-Ônibus",'Micro-Ônibus'!M$46,IF(E10="Van",Van!M$45,""))) | K10: =IF(E10="Ônibus 3",Ônibus!E$39,IF(E10="Micro-Ônibus",'Micro-Ônibus'!E$39,IF(E10="Van",Van!E$39,""))) | L10: =(F10*I10+G10*J10)*200+K10*12 -> #VALUE! | M10: =IF(L10="","",L10*('Dados de Entrada'!$E$4)/12) -> #VALUE!
A11: 12 | H11: =IF(E11="","",F11+G11) | I11: =IF(E11="Ônibus 3",Ônibus!L$46,IF(E11="Micro-Ônibus",'Micro-Ônibus'!L$46,IF(E11="Van",Van!L$45,""))) | J11: =IF(E11="Ônibus 3",Ônibus!M$46,IF(E11="Micro-Ônibus",'Micro-Ônibus'!M$46,IF(E11="Van",Van!M$45,""))) | K11: =IF(E11="Ônibus 3",Ônibus!E$39,IF(E11="Micro-Ônibus",'Micro-Ônibus'!E$39,IF(E11="Van",Van!E$39,""))) | L11: =(F11*I11+G11*J11)*200+K11*12 -> #VALUE! | M11: =IF(L11="","",L11*('Dados de Entrada'!$E$4)/12) -> #VALUE!
A12: 13 | H12: =IF(E12="","",F12+G12) | I12: =IF(E12="Ônibus 3",Ônibus!L$46,IF(E12="Micro-Ônibus",'Micro-Ônibus'!L$46,IF(E12="Van",Van!L$45,""))) | J12: =IF(E12="Ônibus 3",Ônibus!M$46,IF(E12="Micro-Ônibus",'Micro-Ônibus'!M$46,IF(E12="Van",Van!M$45,""))) | K12: =IF(E12="Ônibus 3",Ônibus!E$39,IF(E12="Micro-Ônibus",'Micro-Ônibus'!E$39,IF(E12="Van",Van!E$39,""))) | L12: =(F12*I12+G12*J12)*200+K12*12 -> #VALUE! | M12: =IF(L12="","",L12*('Dados de Entrada'!$E$4)/12) -> #VALUE!
A13: 14 | H13: =IF(E13="","",F13+G13) | I13: =IF(E13="Ônibus 3",Ônibus!L$46,IF(E13="Micro-Ônibus",'Micro-Ônibus'!L$46,IF(E13="Van",Van!L$45,""))) | J13: =IF(E13="Ônibus 3",Ônibus!M$46,IF(E13="Micro-Ônibus",'Micro-Ônibus'!M$46,IF(E13="Van",Van!M$45,""))) | K13: =IF(E13="Ônibus 3",Ônibus!E$39,IF(E13="Micro-Ônibus",'Micro-Ônibus'!E$39,IF(E13="Van",Van!E$39,""))) | L13: =(F13*I13+G13*J13)*200+K13*12 -> #VALUE! | M13: =IF(L13="","",L13*('Dados de Entrada'!$E$4)/12) -> #VALUE!
A14: 15 | H14: =IF(E14="","",F14+G14) | I14: =IF(E14="Ônibus 3",Ônibus!L$46,IF(E14="Micro-Ônibus",'Micro-Ônibus'!L$46,IF(E14="Van",Van!L$45,""))) | J14: =IF(E14="Ônibus 3",Ônibus!M$46,IF(E14="Micro-Ônibus",'Micro-Ônibus'!M$46,IF(E14="Van",Van!M$45,""))) | K14: =IF(E14="Ônibus 3",Ônibus!E$39,IF(E14="Micro-Ônibus",'Micro-Ônibus'!E$39,IF(E14="Van",Van!E$39,""))) | L14: =(F14*I14+G14*J14)*200+K14*12 -> #VALUE! | M14: =IF(L14="","",L14*('Dados de Entrada'!$E$4)/12) -> #VALUE!
A15: 16 | H15: =IF(E15="","",F15+G15) | I15: =IF(E15="Ônibus 3",Ônibus!L$46,IF(E15="Micro-Ônibus",'Micro-Ônibus'!L$46,IF(E15="Van",Van!L$45,""))) | J15: =IF(E15="Ônibus 3",Ônibus!M$46,IF(E15="Micro-Ônibus",'Micro-Ônibus'!M$46,IF(E15="Van",Van!M$45,""))) | K15: =IF(E15="Ônibus 3",Ônibus!E$39,IF(E15="Micro-Ônibus",'Micro-Ônibus'!E$39,IF(E15="Van",Van!E$39,""))) | L15: =(F15*I15+G15*J15)*200+K15*12 -> #VALUE! | M15: =IF(L15="","",L15*('Dados de Entrada'!$E$4)/12) -> #VALUE!
A16: 17 | H16: =IF(E16="","",F16+G16) | I16: =IF(E16="Ônibus 3",Ônibus!L$46,IF(E16="Micro-Ônibus",'Micro-Ônibus'!L$46,IF(E16="Van",Van!L$45,""))) | J16: =IF(E16="Ônibus 3",Ônibus!M$46,IF(E16="Micro-Ônibus",'Micro-Ônibus'!M$46,IF(E16="Van",Van!M$45,""))) | K16: =IF(E16="Ônibus 3",Ônibus!E$39,IF(E16="Micro-Ônibus",'Micro-Ônibus'!E$39,IF(E16="Van",Van!E$39,""))) | L16: =(F16*I16+G16*J16)*200+K16*12 -> #VALUE! | M16: =IF(L16="","",L16*('Dados de Entrada'!$E$4)/12) -> #VALUE!
A17: 18 | H17: =IF(E17="","",F17+G17) | I17: =IF(E17="Ônibus 3",Ônibus!L$46,IF(E17="Micro-Ônibus",'Micro-Ônibus'!L$46,IF(E17="Van",Van!L$45,""))) | J17: =IF(E17="Ônibus 3",Ônibus!M$46,IF(E17="Micro-Ônibus",'Micro-Ônibus'!M$46,IF(E17="Van",Van!M$45,""))) | K17: =IF(E17="Ônibus 3",Ônibus!E$39,IF(E17="Micro-Ônibus",'Micro-Ônibus'!E$39,IF(E17="Van",Van!E$39,""))) | L17: =(F17*I17+G17*J17)*200+K17*12 -> #VALUE! | M17: =IF(L17="","",L17*('Dados de Entrada'!$E$4)/12) -> #VALUE!
A18: 19 | H18: =IF(E18="","",F18+G18) | I18: =IF(E18="Ônibus 3",Ônibus!L$46,IF(E18="Micro-Ônibus",'Micro-Ônibus'!L$46,IF(E18="Van",Van!L$45,""))) | J18: =IF(E18="Ônibus 3",Ônibus!M$46,IF(E18="Micro-Ônibus",'Micro-Ônibus'!M$46,IF(E18="Van",Van!M$45,""))) | K18: =IF(E18="Ônibus 3",Ônibus!E$39,IF(E18="Micro-Ônibus",'Micro-Ônibus'!E$39,IF(E18="Van",Van!E$39,""))) | L18: =(F18*I18+G18*J18)*200+K18*12 -> #VALUE! | M18: =IF(L18="","",L18*('Dados de Entrada'!$E$4)/12) -> #VALUE!
A19: 20 | H19: =IF(E19="","",F19+G19) | I19: =IF(E19="Ônibus 3",Ônibus!L$46,IF(E19="Micro-Ônibus",'Micro-Ônibus'!L$46,IF(E19="Van",Van!L$45,""))) | J19: =IF(E19="Ônibus 3",Ônibus!M$46,IF(E19="Micro-Ônibus",'Micro-Ônibus'!M$46,IF(E19="Van",Van!M$45,""))) | K19: =IF(E19="Ônibus 3",Ônibus!E$39,IF(E19="Micro-Ônibus",'Micro-Ônibus'!E$39,IF(E19="Van",Van!E$39,""))) | L19: =(F19*I19+G19*J19)*200+K19*12 -> #VALUE! | M19: =IF(L19="","",L19*('Dados de Entrada'!$E$4)/12) -> #VALUE!
A20: 21 | H20: =IF(E20="","",F20+G20) | I20: =IF(E20="Ônibus 3",Ônibus!L$46,IF(E20="Micro-Ônibus",'Micro-Ônibus'!L$46,IF(E20="Van",Van!L$45,""))) | J20: =IF(E20="Ônibus 3",Ônibus!M$46,IF(E20="Micro-Ônibus",'Micro-Ônibus'!M$46,IF(E20="Van",Van!M$45,""))) | K20: =IF(E20="Ônibus 3",Ônibus!E$39,IF(E20="Micro-Ônibus",'Micro-Ônibus'!E$39,IF(E20="Van",Van!E$39,""))) | L20: =(F20*I20+G20*J20)*200+K20*12 -> #VALUE! | M20: =IF(L20="","",L20*('Dados de Entrada'!$E$4)/12) -> #VALUE!
... A59: 60 | H59: =IF(E59="","",F59+G59) | I59: =IF(E59="Ônibus 3",Ônibus!L$46,IF(E59="Micro-Ônibus",'Micro-Ônibus'!L$46,IF(E59="Van",Van!L$45,""))) | J59: =IF(E59="Ônibus 3",Ônibus!M$46,IF(E59="Micro-Ônibus",'Micro-Ônibus'!M$46,IF(E59="Van",Van!M$45,""))) | K59: =IF(E59="Ônibus 3",Ônibus!E$39,IF(E59="Micro-Ônibus",'Micro-Ônibus'!E$39,IF(E59="Van",Van!E$39,""))) | L59: =(F59*I59+G59*J59)*200+K59*12 -> #VALUE! | M59: =IF(L59="","",L59*('Dados de Entrada'!$E$4)/12) -> #VALUE!
E60: Totais | F60: =SUM(F4:F59) -> 74.26 | G60: =SUM(G4:G59) -> 118.01 | H60: =SUM(H4:H59) -> 192.27 | L60: =SUM(L4:L8) -> 672242.53 | M60: =SUM(M4:M8) -> 1344485.1
B61: Informações preenchidas pela Prefeitura
B62: Conforme planilhas de composição de custo

Sheet Lotes
B2: =CONCATENATE("TRANSPORTE ESCOLAR - ",'Dados de Entrada'!$E$4," meses de Contrato") -> TRANSPORTE ESCOLAR - 24 meses de Contrato
B4: LOTE ÚNICO
B6: Item | C6: Descrição | D6: Custo Unitário (a) | E6: Quantidade Total por Ano (b) | F6: Unidade de medida | G6: Preço Total por Ano (c) = (a)*(b) | H6: Preço Total no Contrato (d) = (c)*n° de Anos de Contrato | I6: Preço Total do Item (e) = [Cf (total) + Cv (total)]
B8: 1 | C8: Serviço de Transporte Escolar - Veículo: Micro-Ônibus- Propriedade do Veículo: Terceirizado
B9: 1.1 | C9: Custo Fixo (cf) | D9: =IFERROR('Micro-Ônibus'!$E$39,0) -> 11056.538 | E9: =COUNTIF(Rotas!E4:E59,"Micro-Ônibus") -> 0 | F9: Unidade/ano | G9: =D9*E9*12 -> 0 | H9: =G9*('Dados de Entrada'!$E$4/12) -> 0 | I9: =H9+H10+H11 -> 0
B10: 1.2 | C10: Custo Variável - Pavimentado (cv-pav) | D10: =IFERROR('Micro-Ônibus'!$M$46,0) -> 4.0031621 | E10: =SUMIF(Rotas!E4:E59,"Micro-Ônibus",Rotas!G4:G59)*200 -> 0 | F10: km estimada pav/ano | G10: =D10*E10 -> 0 | H10: =G10*('Dados de Entrada'!$E$4/12) -> 0
B11: 43891 | C11: Custo Variável - Não Pavimentado (cv-npav) | D11: =IFERROR('Micro-Ônibus'!$L$46,0) -> 4.9995585 | E11: =SUMIF(Rotas!E4:E59,"Micro-Ônibus",Rotas!F4:F59)*200 -> 0 | F11: km estimada npav/ano | G11: =D11*E11 -> 0 | H11: =G11*('Dados de Entrada'!$E$4/12) -> 0
B13: 2 | C13: Serviço de Transporte Escolar - Veículo: Ônibus- Propriedade do Veículo: Terceirizado
B14: 2.1 | C14: Custo Fixo (cf) | D14: =IFERROR(Ônibus!$E$39,"0") -> 13296.208 | E14: =COUNTIF(Rotas!E4:E59,"Ônibus 3") -> 1 | F14: Unidade/ano | G14: =D14*E14*12 -> 159554.49 | H14: =G14*('Dados de Entrada'!$E$4/12) -> 319108.98 | I14: =H14+H15+H16 -> 408997.22
B15: 2.2 | C15: Custo Variável - Pavimentado (cv-pav) | D15: =IFERROR(Ônibus!$M$46,0) -> 5.3926974 | E15: =SUMIF(Rotas!E4:E59,"Ônibus 3",Rotas!G4:G59)*200 -> 4116 | F15: km estimada pav/ano | G15: =D15*E15 -> 22196.343 | H15: =G15*('Dados de Entrada'!$E$4/12) -> 44392.685
B16: 43892 | C16: Custo Variável - Não Pavimentado (cv-npav) | D16: =IFERROR(Ônibus!$L$46,0) -> 6.7621218 | E16: =SUMIF(Rotas!E4:E59,"Ônibus 3",Rotas!F4:F59)*200 -> 3364 | F16: km estimada npav/ano | G16: =D16*E16 -> 22747.778 | H16: =G16*('Dados de Entrada'!$E$4/12) -> 45495.555
F17: TOTAL/ANO: | G17: =G14+G15+G16+G9+G10+G11 -> 204498.61 | H17: TOTAL/CONTRATO: | I17: =I14+I9 -> 408997.22
B18: LOTE 2
B20: Item | C20: Descrição | D20: Custo Unitário (a) | E20: Quantidade Total por Ano (b) | F20: Unidade de medida | G20: Preço Total por Ano (c) = (a)*(b) | H20: Preço Total no Contrato (d) = (c)*n° de Anos de Contrato | I20: Preço Total do Item (e) = [Cf (total) + Cv (total)]
B23: 1 | C23: Serviço de Transporte Escolar - Veículo: Van - Propriedade do Veículo: Terceirizado
B24: 1.1 | C24: Custo Fixo (cf) | D24: =IFERROR(Van!E39,"0") -> 8372.293 | E24: =COUNTIF(Rotas!E4:E59,"Van") -> 4 | F24: Unidade/ano | G24: =D24*E24*12 -> 401870.06 | H24: =G24*('Dados de Entrada'!$E$4/12) -> 803740.12 | I24: =H24+H25+H26 -> 935487.83
B25: 1.2 | C25: Custo Variável - Pavimentado (cv-pav) | D25: =IFERROR(Van!M45,0) -> 1.9430614 | E25: =SUMIF(Rotas!E4:E59,"Van",Rotas!G4:G59)*200 -> 19486 | F25: km estimada pav/ano | G25: =D25*E25 -> 37862.495 | H25: =G25*('Dados de Entrada'!$E$4/12) -> 75724.989
B26: 43891 | C26: Custo Variável - Não Pavimentado (cv-npav) | D26: =IFERROR(Van!L45,0) -> 2.4383146 | E26: =SUMIF(Rotas!E4:E59,"Van",Rotas!F4:F59)*200 -> 11488 | F26: km estimada npav/ano | G26: =D26*E26 -> 28011.358 | H26: =G26*('Dados de Entrada'!$E$4/12) -> 56022.716
F28: TOTAL/ANO: | G28: =SUM(G24:G26) -> 467743.91 | H28: TOTAL/CONTRATO: | I28: =I24 -> 935487.83

Sheet Micro-Ônibus
C2: MICRO - ÔNIBUS
C4: Veículo Tipo: | D4: =CONCATENATE('Dados de Entrada'!J5," - ",'Dados de Entrada'!J6) -> Micro Ônibus Iveco 70c17 Way C - 2016
C6: Custos Fixos Valor de referência para o pagamento em cada um dos meses do contrato | G6: Custos Variáveis Valor de referência para custeio da distância percorrida em cada tipo de via (conforme projeto)
C9: MÃO DE OBRA | E9: Valor | G9: PNEUS | L9: Terreno Não Pavimentado | M9: Terreno Pavimentado
C10: Motorista | E10: =E11+E12 -> 3340.4217
C11: Salário | E11: ='Dados de Entrada'!J22 -> 2093.08 | G11: Custo médio de um pneu 0km | L11: ='Dados de Entrada'!O8 -> 2794.9 | M11: ='Dados de Entrada'!O8 -> 2794.9
C12: Encargos Trabalhistas | E12: ='Encargos Sociais'!K53+'Encargos Sociais'!K61 -> 1247.3417 | G12: Custo médio da recapagem do pneu | L12: ='Dados de Entrada'!O9 -> 550 | M12: ='Dados de Entrada'!O9 -> 550
C13: Equipe de Manutenção (apropriado mediante rateio) | E13: =E10*0.15 -> 501.06326 | G13: Vida útil média pneu 0km | L13: =M13/1.3 -> 38461.538 | M13: 50000
C14: Mão de Obra Mensal (R$) | E14: =E11+E12+E13 -> 3841.485 | G14: Vida útil média pneu recapeado | L14: =L13/2 -> 19230.769 | M14: =M13/2 -> 25000
C15: DEPRECIAÇÃO | E15: Valor | G15: Número de pneus | L15: 6 | M15: 6
C16: Depreciação Média Mensal | E16: =SUM('Depreciação e Infração'!F41:F62)/'Dados de Entrada'!E$4 -> 1043.9597 | G16: Pneus (R$/km) | L16: =L15*(L11+2*L12)/(L13+2*L14) -> 0.3038022 | M16: =M15*(M11+2*M12)/(M13+2*M14) -> 0.233694
C17: Depreciação Mensal (R$) | E17: =E16 -> 1043.9597 | G17: COMBUSTÍVEL | L17: Não Pavimentado | M17: Pavimentado
C18: REMUNERAÇÃO DO CAPITAL IMOBILIZADO | E18: Valor | G18: Autonomia (km/l) | L18: =M18/1.3 -> 3.0769231 | M18: 4
C19: Remuneração (mensal) | E19: =(((1+'Dados de Entrada'!F11)*(1+'Dados de Entrada'!F12)*(1+'Dados de Entrada'!F13)*(1+'Dados de Entrada'!F14)*(1+'Dados de Entrada'!F15)*(1+'Dados de Entrada'!F16)-1)*'Dados de Entrada'!J$7)/'Dados de Entrada'!E4 -> 2397.7678 | G19: Preço Diesel | L19: ='Dados de Entrada'!O24 -> 7.18 | M19: ='Dados de Entrada'!O24 -> 7.18
C20: Remuneração do capital Investido Mensal(R$) | E20: =E19 -> 2397.7678 | G20: Combustível (R$/km) | L20: =L19/L18 -> 2.3335 | M20: =M19/M18 -> 1.795
C21: LICENCIAMENTO, SEGUROS E TAXAS | E21: Valor | G21: PEÇAS E ACESSÓRIOS | L21: Não Pavimentado | M21: Pavimentado
C22: IPVA (apropriado ao longo de 12 meses) | E22: =(0.01)*SUM('Depreciação e Infração'!G41:G61)/'Dados de Entrada'!E$4 -> 184.68077 | G22: Peças e Acessórios | L22: =L23*L24 -> 0.79982247 | M22: =M23*M24 -> 0.61524805
C23: Licenciamento (apropriado ao longo de 12 meses) | E23: ='Dados de Entrada'!O16/12 -> 15.193333 | G23: Coeficiente | L23: =M23*1.3 -> 1.8333333e-06 | M23: =SUM(Manutenção!B2:B22)*12/'Dados de Entrada'!E$4 -> 1.4102564e-06
C24: DPVAT (apropriado ao longo de 12 meses) | E24: ='Dados de Entrada'!O17/12 -> 0 | G24: Base de Cálculo | L24: =M24 -> 436266.8 | M24: ='Dados de Entrada'!J8 -> 436266.8
C25: Vistoria DETRAN/PE (apropriado ao longo de 12 meses) | E25: ='Dados de Entrada'!O18/12 -> 16.666667 | G25: Peças e Acessórios (R$/km) | L25: =L22 -> 0.79982247 | M25: =M22 -> 0.61524805
C26: Seguro de Responsabilidade Civil (apropriado ao longo de 12 meses) | E26: ='Dados de Entrada'!O19/12 -> 12.5 | G26: LUBRIFICAÇÃO | L26: Não Pavimentado | M26: Pavimentado
C27: Licenciamento, Seguros e Taxas Mensal (R$) | E27: =SUM(E22:E26) -> 229.04077 | H27: Coeficiente | J27: Preço do Litro | L27: R$/km | M27: R$/km
C28: CUSTOS FIXOS COMPLEMENTARES | E28: Valor | G28: Óleo do motor | H28: 0.0011 | J28: ='Dados de Entrada'!O25 -> 49.33 | L28: =H28*J28*1.3 -> 0.0705419 | M28: =H28*J28 -> 0.054263
C29: Adesivagem | E29: =(E30*E31)/E32 -> 110 | G29: Óleo de caixa | H29: 0.0004 | J29: ='Dados de Entrada'!O26 -> 42.99 | L29: =H29*J29*1.3 -> 0.0223548 | M29: =H29*J29 -> 0.017196
D30: Preço do m² da adesivagem | E30: ='Dados de Entrada'!O20 -> 300 | G30: Óleo de diferencial | H30: 0.0002 | J30: ='Dados de Entrada'!O27 -> 46.99 | L30: =H30*J30*1.3 -> 0.0122174 | M30: =H30*J30 -> 0.009398
D31: Tamanho (em m²) da adesivagem por veículo | E31: 8.8 | G31: Fluído de freio | H31: 4e-05 | J31: ='Dados de Entrada'!O28 -> 44.88 | L31: =H31*J31*1.3 -> 0.00233376 | M31: =H31*J31 -> 0.0017952
D32: Tempo de Amortização | E32: 24 | G32: Graxa | H32: 3e-05 | J32: ='Dados de Entrada'!O29 -> 40.9 | L32: =H32*J32*1.3 -> 0.0015951 | M32: =H32*J32 -> 0.001227
C33: Serviço de Rastreamento (valor mensal) | E33: ='Dados de Entrada'!O21 -> 1200 | G33: Lubrificantes (R$/km) | L33: =SUM(L28:L32) -> 0.10904296 | M33: =SUM(M28:M32) -> 0.0838792
C34: Tacógrafo (apropriado ao longo de 24 meses) | E34: ='Dados de Entrada'!O22/24 -> 9.0568583 | G34: LIMPEZA | L34: Não Pavimentado | M34: Pavimentado
C35: Apropriação reserva técnica | E35: =0.05*(E17+E27+E29+E33+E34+E20) -> 249.49125 | G35: Preço Unitário | L35: ='Dados de Entrada'!O32 -> 140 | M35: ='Dados de Entrada'!O32 -> 140
C36: Implementos Mensal (R$) | E36: =E33+E35+E29+E34 -> 1568.5481 | G36: Periodicidade (em km) | L36: ='Dados de Entrada'!O35 -> 250 | M36: ='Dados de Entrada'!O35 -> 250
C37: CUSTOS FIXOS (sem BDI) | E37: =$E$14+$E$17+$E$27+$E$36+E20 -> 9080.8013 | G37: Limpeza (R$/km) | L37: =L35/L36 -> 0.56 | M37: =M35/M36 -> 0.56
C38: BDI (%) | E38: =BDI!B18 -> 0.21757291 | G38: CUSTO QUILOMÉTRICO | L38: Não Pavimentado | M38: Pavimentado
C39: CUSTOS FIXOS (com BDI) | E39: =E37*(1+E38) -> 11056.538 | G39: Custo Pneus/km | L39: =L16 -> 0.3038022 | M39: =M16 -> 0.233694
G40: Custo Combustível/km | L40: =L20 -> 2.3335 | M40: =M20 -> 1.795
G41: Custo Manutenção/km | L41: =L25 -> 0.79982247 | M41: =M25 -> 0.61524805
G42: Custo Lubrificação/km | L42: =L33 -> 0.10904296 | M42: =M33 -> 0.0838792
G43: Custo Lavagem/km | L43: =L37 -> 0.56 | M43: =M37 -> 0.56
G44: CUSTO QUILOMÉTRICO (sem BDI) | L44: =SUM(L39:L43) -> 4.1061676 | M44: =SUM(M39:M43) -> 3.2878213
G45: BDI (%) | L45: =BDI!B18 -> 0.21757291 | M45: =BDI!B18 -> 0.21757291
G46: CUSTO QUILOMÉTRICO (com BDI) | L46: =L44*(1+L45) -> 4.9995585 | M46: =M44*(1+M45) -> 4.0031621

Sheet Ônibus
C2: ÔNIBUS
C4: Veículo Tipo: | D4: =CONCATENATE('Dados de Entrada'!J10," - ",'Dados de Entrada'!J11) -> Comil Svelto Ano 2016 Volvo B270f Mwm 6cc 2p - 2016
C6: Custos Fixos Valor de referência para o pagamento em cada um dos meses do contrato | G6: Custos Variáveis Valor de referência para custeio da distância percorrida em cada tipo de via (conforme projeto)
C9: MÃO DE OBRA | E9: Valor | G9: PNEUS | L9: Terreno Não Pavimentado | M9: Terreno Pavimentado
C10: Motorista | E10: =E11+E12 -> 4857.2472
C11: Salário | E11: ='Encargos Sociais'!H12 -> 3043.51 | G11: Custo médio de um pneu 0km | L11: ='Dados de Entrada'!O5 -> 1735.32 | M11: ='Dados de Entrada'!O5 -> 1735.32
C12: Encargos Trabalhistas | E12: ='Encargos Sociais'!H53+'Encargos Sociais'!H61 -> 1813.7372 | G12: Custo médio da recapagem do pneu | L12: ='Dados de Entrada'!O6 -> 800 | M12: ='Dados de Entrada'!O6 -> 800
C13: Equipe de Manutenção (apropriado mediante rateio) | E13: =E10*0.15 -> 728.58708 | G13: Vida útil média pneu 0km | L13: =M13/1.3 -> 38461.538 | M13: 50000
C14: Mão de Obra Mensal (R$) | E14: =E11+E12+E13 -> 5585.8343 | G14: Vida útil média pneu recapeado | L14: =L13/2 -> 19230.769 | M14: =M13/2 -> 25000
C15: DEPRECIAÇÃO | E15: Valor | G15: Número de pneus | L15: 6 | M15: 6
C16: Depreciação Média Mensal | E16: =SUM('Depreciação e Infração'!F15:F36)/'Dados de Entrada'!E$4 -> 598.1092 | G16: Pneus (R$/km) | L16: =L15*(L11+2*L12)/(L13+2*L14) -> 0.26015496 | M16: =M15*(M11+2*M12)/(M13+2*M14) -> 0.2001192
C17: Depreciação Mensal (R$) | E17: =E16 -> 598.1092 | G17: COMBUSTÍVEL | L17: Não Pavimentado | M17: Pavimentado
C18: REMUNERAÇÃO DO CAPITAL IMOBILIZADO | E18: Valor | G18: Autonomia (km/l) | L18: =M18/1.3 -> 2.0384615 | M18: 2.65
C19: Remuneração (mensal) | E19: =(((1+'Dados de Entrada'!F11)*(1+'Dados de Entrada'!F12)*(1+'Dados de Entrada'!F13)*(1+'Dados de Entrada'!F14)*(1+'Dados de Entrada'!F15)*(1+'Dados de Entrada'!F16)-1)*'Dados de Entrada'!J$12)/'Dados de Entrada'!E4 -> 2838.4102 | G19: Preço Diesel | L19: ='Dados de Entrada'!O24 -> 7.18 | M19: ='Dados de Entrada'!O24 -> 7.18
C20: Remuneração do capital Investido Mensal(R$) | E20: =E19 -> 2838.4102 | G20: Combustível (R$/km) | L20: =L19/L18 -> 3.5222642 | M20: =M19/M18 -> 2.709434
C21: LICENCIAMENTO, SEGUROS E TAXAS | E21: Valor | G21: PEÇAS E ACESSÓRIOS | L21: Não Pavimentado | M21: Pavimentado
C22: IPVA (apropriado ao longo de 12 meses) | E22: =(0.01)*SUM('Depreciação e Infração'!G15:G36)/'Dados de Entrada'!E$4 -> 221.71528 | G22: Peças e Acessórios | L22: =L23*L24 -> 0.91144623 | M22: =M23*M24 -> 0.70111249
C23: Licenciamento (apropriado ao longo de 12 meses) | E23: ='Dados de Entrada'!O16/12 -> 15.193333 | G23: Coeficiente | L23: =M23*1.3 -> 1.8333333e-06 | M23: =SUM(Manutenção!A2:A22)*12/'Dados de Entrada'!E$4 -> 1.4102564e-06
C24: DPVAT (apropriado ao longo de 12 meses) | E24: ='Dados de Entrada'!O17/12 -> 0 | G24: Base de Cálculo Veículo 0km de Referência | L24: =M24 -> 497152.49 | M24: ='Dados de Entrada'!J13 -> 497152.49
C25: Vistoria DETRAN/PE (apropriado ao longo de 12 meses) | E25: ='Dados de Entrada'!O18/12 -> 16.666667 | G25: Peças e Acessórios (R$/km) | L25: =L22 -> 0.91144623 | M25: =M22 -> 0.70111249
C26: Seguro de Responsabilidade Civil (apropriado ao longo de 12 meses) | E26: ='Dados de Entrada'!O19/12 -> 12.5 | G26: LUBRIFICAÇÃO | L26: Não Pavimentado | M26: Pavimentado
C27: Licenciamento, Seguros e Taxas Mensal (R$) | E27: =SUM(E22:E26) -> 266.07528 | H27: Coeficiente | J27: Preço do Litro | L27: R$/km | M27: R$/km
C28: CUSTOS COMPLEMENTARES | E28: Valor | G28: Óleo do motor | H28: 0.0019 | J28: ='Dados de Entrada'!O25 -> 49.33 | L28: =H28*J28*1.3 -> 0.1218451 | M28: =H28*J28 -> 0.093727
C29: Adesivagem | E29: =(E30*E31)/E32 -> 168.75 | G29: Óleo de caixa | H29: 0.00048 | J29: ='Dados de Entrada'!O26 -> 42.99 | L29: =H29*J29*1.3 -> 0.02682576 | M29: =H29*J29 -> 0.0206352
D30: Preço do m² da adesivagem | E30: ='Dados de Entrada'!O20 -> 300 | G30: Óleo de diferencial | H30: 0.00044 | J30: ='Dados de Entrada'!O27 -> 46.99 | L30: =H30*J30*1.3 -> 0.02687828 | M30: =H30*J30 -> 0.0206756
D31: Tamanho (em m²) da adesivagem por veículo | E31: 13.5 | G31: Fluído de freio | H31: 2e-05 | J31: ='Dados de Entrada'!O28 -> 44.88 | L31: =H31*J31*1.3 -> 0.00116688 | M31: =H31*J31 -> 0.0008976
D32: Tempo de Amortização | E32: 24 | G32: Graxa | H32: 6e-05 | J32: ='Dados de Entrada'!O29 -> 40.9 | L32: =H32*J32*1.3 -> 0.0031902 | M32: =H32*J32 -> 0.002454
C33: Serviço de Rastreamento (valor mensal) | E33: ='Dados de Entrada'!O21 -> 1200 | G33: Lubrificantes (R$/km) | L33: =SUM(L28:L32) -> 0.17990622 | M33: =SUM(M28:M32) -> 0.1383894
C34: Tacógrafo (apropriado ao longo de 24 meses) | E34: ='Dados de Entrada'!O22/24 -> 9.0568583 | G34: LIMPEZA | L34: Não Pavimentado | M34: Pavimentado
C35: Apropriação reserva técnica | E35: =0.05*(E17+E20+E27+E29+E33+E34) -> 254.02008 | G35: Preço Unitário | L35: ='Dados de Entrada'!O31 -> 170 | M35: ='Dados de Entrada'!O31 -> 170
C36: Implementos Mensal (R$) | E36: =E33+E35+E29+E34 -> 1631.8269 | G36: Periodicidade (em km) | L36: ='Dados de Entrada'!O35 -> 250 | M36: ='Dados de Entrada'!O35 -> 250
C37: CUSTOS FIXOS (sem BDI) | E37: =$E$14+$E$17+$E$27+$E$36+E20 -> 10920.256 | G37: Limpeza (R$/km) | L37: =L35/L36 -> 0.68 | M37: =M35/M36 -> 0.68
C38: BDI (%) | E38: =BDI!B18 -> 0.21757291 | G38: CUSTO QUILOMÉTRICO | L38: Não Pavimentado | M38: Pavimentado
C39: CUSTOS FIXOS (com BDI) | E39: =E37*(1+E38) -> 13296.208 | G39: Custo Pneus/km | L39: =L16 -> 0.26015496 | M39: =M16 -> 0.2001192
G40: Custo Combustível/km | L40: =L20 -> 3.5222642 | M40: =M20 -> 2.709434
G41: Custo Manutenção/km | L41: =L25 -> 0.91144623 | M41: =M25 -> 0.70111249
G42: Custo Lubrificação/km | L42: =L33 -> 0.17990622 | M42: =M33 -> 0.1383894
G43: Custo Lavagem/km | L43: =L37 -> 0.68 | M43: =M37 -> 0.68
G44: CUSTO QUILOMÉTRICO (sem BDI) | L44: =SUM(L39:L43) -> 5.5537716 | M44: =SUM(M39:M43) -> 4.429055
G45: BDI (%) | L45: =BDI!B18 -> 0.21757291 | M45: =BDI!B18 -> 0.21757291
G46: CUSTO QUILOMÉTRICO (com BDI) | L46: =L44*(1+L45) -> 6.7621218 | M46: =M44*(1+M45) -> 5.3926974

Sheet Van
C2: VAN
C4: Veículo Tipo: | D4: =CONCATENATE('Dados de Entrada'!J15," - ",'Dados de Entrada'!J16) -> Mercedes-Benz Sprinter Van 2.2 Cdi 415 - 2016
C6: Custos Fixos Valor de referência para o pagamento em cada um dos meses do contrato | G6: Custos Variáveis Valor de referência para custeio da distância percorrida em cada tipo de via (conforme projeto)
C9: MÃO DE OBRA | E9: Valor | G9: PNEUS | L9: Terreno Não Pavimentado | M9: Terreno Pavimentado
C10: Motorista | E10: =E11+E12 -> 2812.0871
C11: Salário | E11: ='Dados de Entrada'!J28 -> 1762.03 | G11: Custo médio de um pneu 0km | L11: ='Dados de Entrada'!O11 -> 842.85 | M11: =L11 -> 842.85
C12: Encargos Trabalhistas | E12: ='Encargos Sociais'!N53+'Encargos Sociais'!N61 -> 1050.0571 | G12: Custo médio da recapagem do pneu | L12: ='Dados de Entrada'!O12 -> 400 | M12: =L12 -> 400
C13: Equipe de Manutenção (apropriado mediante rateio) | E13: =E10*0.15 -> 421.81307 | G13: Vida útil média pneu 0km | L13: =M13/1.3 -> 38461.538 | M13: 50000
C14: Mão de Obra Mensal (R$) | E14: =E11+E12+E13 -> 3233.9002 | G14: Vida útil média pneu recapeado | L14: =L13/2 -> 19230.769 | M14: =M13/2 -> 25000
C15: DEPRECIAÇÃO | E15: Valor | G15: Número de pneus | L15: 4 | M15: =L15 -> 4
C16: Depreciação Média Mensal | E16: =SUM('Depreciação e Infração'!F68:F90)/'Dados de Entrada'!E$4 -> 139.8902 | G16: Pneus (R$/km) | L16: =L15*(L11+2*L12)/(L13+2*L14) -> 0.0854282 | M16: =M15*(M11+2*M12)/(M13+2*M14) -> 0.065714
C17: Depreciação Mensal (R$) | E17: =E16 -> 139.8902 | G17: COMBUSTÍVEL | L17: Não Pavimentado | M17: Pavimentado
C18: REMUNERAÇÃO DO CAPITAL IMOBILIZADO | E18: Valor | G18: Autonomia (km/l) | L18: =M18/1.3 -> 7.6923077 | M18: 10
C19: Remuneração (mensal) | E19: =(((1+'Dados de Entrada'!F11)*(1+'Dados de Entrada'!F12)*(1+'Dados de Entrada'!F13)*(1+'Dados de Entrada'!F14)*(1+'Dados de Entrada'!F15)*(1+'Dados de Entrada'!F16)-1)*'Dados de Entrada'!J17)/'Dados de Entrada'!E4 -> 1682.3285 | G19: Preço Diesel | L19: ='Dados de Entrada'!O24 -> 7.18 | M19: ='Dados de Entrada'!O24 -> 7.18
C20: Remuneração do capital Investido Mensal(R$) | E20: =E19 -> 1682.3285 | G20: Combustível (R$/km) | L20: =L19/L18 -> 0.9334 | M20: =M19/M18 -> 0.718
C21: LICENCIAMENTO, SEGUROS E TAXAS | E21: Valor | G21: PEÇAS E ACESSÓRIOS | L21: Não Pavimentado | M21: Pavimentado
C22: IPVA (apropriado ao longo de 12 meses) | E22: =(0.024)*SUM('Depreciação e Infração'!G68:G90)/'Dados de Entrada'!E$4 -> 318.23555 | G22: Peças e Acessórios | L22: =L23*L24 -> 0.69399733 | M22: =M23*M24 -> 0.5338441
C23: Licenciamento (apropriado ao longo de 12 meses) | E23: ='Dados de Entrada'!O16/12 -> 15.193333 | G23: Coeficiente | L23: =M23*1.3 -> 1.8333333e-06 | M23: =SUM(Manutenção!C2:C24)*12/'Dados de Entrada'!E$4 -> 1.4102564e-06
C24: DPVAT (apropriado ao longo de 12 meses) | E24: ='Dados de Entrada'!O17/12 -> 0 | G24: Base de Cálculo | L24: =M24 -> 378544 | M24: ='Dados de Entrada'!J18 -> 378544
C25: Vistoria DETRAN/PE (apropriado ao longo de 12 meses) | E25: ='Dados de Entrada'!O18/12 -> 16.666667 | G25: Peças e Acessórios (R$/km) | L25: =L22 -> 0.69399733 | M25: =M22 -> 0.5338441
C26: Seguro de Responsabilidade Civil (apropriado ao longo de 12 meses) | E26: ='Dados de Entrada'!O19/12 -> 12.5 | G26: LUBRIFICAÇÃO | L26: Não Pavimentado | M26: Pavimentado
C27: Licenciamento, Seguros e Taxas Mensal (R$) | E27: =SUM(E22:E26) -> 362.59555 | H27: Coeficiente | J27: Preço do Litro | L27: R$/km | M27: R$/km
C28: CUSTOS FIXOS COMPLEMENTARES | E28: Valor | G28: Óleo do motor | H28: 0.00053 | J28: ='Dados de Entrada'!O25 -> 49.33 | L28: =H28*J28*1.3 -> 0.03398837 | M28: =H28*J28 -> 0.0261449
C29: Adesivagem | E29: =(E30*E31)/E32 -> 75 | G29: Óleo de caixa | H29: 0.000125 | J29: ='Dados de Entrada'!O26 -> 42.99 | L29: =H29*J29*1.3 -> 0.006985875 | M29: =H29*J29 -> 0.00537375
D30: Preço do m² da adesivagem | E30: ='Dados de Entrada'!O20 -> 300 | G30: Óleo de diferencial | H30: 0.000125 | J30: ='Dados de Entrada'!O27 -> 46.99 | L30: =H30*J30*1.3 -> 0.007635875 | M30: =H30*J30 -> 0.00587375
D31: Tamanho (em m²) da adesivagem por veículo | E31: 6 | G31: Fluído de freio | H31: 2e-05 | J31: ='Dados de Entrada'!O28 -> 44.88 | L31: =H31*J31*1.3 -> 0.00116688 | M31: =H31*J31 -> 0.0008976
D32: Tempo de Amortização | E32: 24 | G32: Lubrificantes (R$/km) | L32: =SUM(L28:L31) -> 0.049777 | M32: =SUM(M28:M31) -> 0.03829
C33: Serviço de Rastreamento (valor mensal) | E33: ='Dados de Entrada'!O21 -> 1200 | G33: LIMPEZA | L33: Não Pavimentado | M33: Pavimentado
C34: Tacógrafo (apropriado ao longo de 24 meses) | E34: ='Dados de Entrada'!O22/24 -> 9.0568583 | G34: Preço Unitário | L34: =M34 -> 60 | M34: ='Dados de Entrada'!O33 -> 60
C35: Apropriação reserva técnica | E35: =0.05*(E17+E20+E27+E29+E33+E34) -> 173.44356 | G35: Periodicidade (em km) | L35: ='Dados de Entrada'!O35 -> 250 | M35: ='Dados de Entrada'!O35 -> 250
C36: Implementos Mensal (R$) | E36: =E33+E35+E29+E34 -> 1457.5004 | G36: Limpeza (R$/km) | L36: =L34/L35 -> 0.24 | M36: =M34/M35 -> 0.24
C37: CUSTOS FIXOS (sem BDI) | E37: =$E$14+$E$17+$E$27+$E$36+E20 -> 6876.2149 | G37: CUSTO QUILOMÉTRICO | L37: Não Pavimentado | M37: Pavimentado
C38: BDI (%) | E38: =BDI!B18 -> 0.21757291 | G38: Custo Pneus/km | L38: =L16 -> 0.0854282 | M38: =M16 -> 0.065714
C39: CUSTOS FIXOS (com BDI) | E39: =E37*(1+E38) -> 8372.293 | G39: Custo Combustível/km | L39: =L20 -> 0.9334 | M39: =M20 -> 0.718
G40: Custo Manutenção/km | L40: =L25 -> 0.69399733 | M40: =M25 -> 0.5338441
G41: Custo Lubrificação/km | L41: =L32 -> 0.049777 | M41: =M32 -> 0.03829
G42: Custo Lavagem/km | L42: =L36 -> 0.24 | M42: =M36 -> 0.24
G43: CUSTO QUILOMÉTRICO (sem BDI) | L43: =SUM(L38:L42) -> 2.0026025 | M43: =SUM(M38:M42) -> 1.5958481
G44: BDI (%) | L44: =BDI!B18 -> 0.21757291 | M44: =BDI!B18 -> 0.21757291
G45: CUSTO QUILOMÉTRICO (com BDI) | L45: =L43*(1+L44) -> 2.4383146 | M45: =M43*(1+M44) -> 1.9430614

Sheet Depreciação e Infração
A1: Micro-Ônibus
A2: Y = -0,0200788202748401 +0,691025454662637/X -1,84853650131968/X^2 +1,33466828255716/X^3
A4: ÔNIBUS 1
A5: Y = 0,070580632761148 -0,175867025361679/X +0,160146777920703/X^2 +0,100712622149732/X^3
A7: VANS
A8: Y = 0,00635637852668087 +0,0712542999950912/X -0,296774990294309/X^2 +0,363971017624909/X^3
A10: CAMINHONETES 4X4
A11: Y = -0,00979051298763459 +0,221255936772184/X -0,334738921178068/X^2 +0,246636120348609/X^3
B13: Micro-Ônibus
B14: Idade | C14: Índice de Depreciação | D14: Valor Venal | E14: Depreciação | F14: Depreciação Contratada
B15: 0 | C15: =-0.0200788202748401 +0.691025454662637/(B15+1) -1.84853650131968/(B15+1)^2 +1.33466828255716/(B15+1)^3 -> 0.15707842 | D15: =IF(YEAR(NOW())-'Dados de Entrada'!J$11>B15,D16/(1-C15),IF(YEAR(NOW())-'Dados de Entrada'!J$11<B15,D14*(1-C14),'Dados de Entrada'!J$12)) -> 482117.76 | E15: =D15-D16 -> 75730.293 | F15: =IF(YEAR(NOW())-'Dados de Entrada'!J$11>B15,"",IF('Dados de Entrada'!E$4/12>='Dados de Entrada'!J$11+B15+1-YEAR(NOW()),E15,IF('Dados de Entrada'!E$4/12>'Dados de Entrada'!J$11+B15-YEAR(NOW()),('Dados de Entrada'!E$4/12-ROUNDDOWN('Dados de Entrada'!E$4/12,0))*E15,""))) | G15: =IF(OR(F15="",E15=0),"",F15/E15*D15) | H15: =D15 -> 482117.76
B16: 1 | C16: =-0.0200788202748401 +0.691025454662637/(B16+1) -1.84853650131968/(B16+1)^2 +1.33466828255716/(B16+1)^3 -> 0.030133317 | D16: =IF(YEAR(NOW())-'Dados de Entrada'!J$11>B16,D17/(1-C16),IF(YEAR(NOW())-'Dados de Entrada'!J$11<B16,D15*(1-C15),'Dados de Entrada'!J$12)) -> 406387.46 | E16: =D16-D17 -> 12245.802 | F16: =IF(YEAR(NOW())-'Dados de Entrada'!J$11>B16,"",IF('Dados de Entrada'!E$4/12>='Dados de Entrada'!J$11+B16+1-YEAR(NOW()),E16,IF('Dados de Entrada'!E$4/12>'Dados de Entrada'!J$11+B16-YEAR(NOW()),('Dados de Entrada'!E$4/12-ROUNDDOWN('Dados de Entrada'!E$4/12,0))*E16,""))) | G16: =IF(OR(F16="",E16=0),"",F16/E16*D16) | H16: =IF(YEAR(NOW())-'Dados de Entrada'!J$11>=B16,H15*(1+VLOOKUP('Dados de Entrada'!J$11+B15,C$95:D$122,2)),"") -> 512442.96
B17: 2 | C17: =-0.0200788202748401 +0.691025454662637/(B17+1) -1.84853650131968/(B17+1)^2 +1.33466828255716/(B17+1)^3 -> 0.054302212 | D17: =IF(YEAR(NOW())-'Dados de Entrada'!J$11>B17,D18/(1-C17),IF(YEAR(NOW())-'Dados de Entrada'!J$11<B17,D16*(1-C16),'Dados de Entrada'!J$12)) -> 394141.66 | E17: =D17-D18 -> 21402.764 | F17: =IF(YEAR(NOW())-'Dados de Entrada'!J$11>B17,"",IF('Dados de Entrada'!E$4/12>='Dados de Entrada'!J$11+B17+1-YEAR(NOW()),E17,IF('Dados de Entrada'!E$4/12>'Dados de Entrada'!J$11+B17-YEAR(NOW()),('Dados de Entrada'!E$4/12-ROUNDDOWN('Dados de Entrada'!E$4/12,0))*E17,""))) | G17: =IF(OR(F17="",E17=0),"",F17/E17*D17) | H17: =IF(YEAR(NOW())-'Dados de Entrada'!J$11>=B17,H16*(1+VLOOKUP('Dados de Entrada'!J$11+B16,C$95:D$122,2)),"") -> 527560.03
B18: 3 | C18: =-0.0200788202748401 +0.691025454662637/(B18+1) -1.84853650131968/(B18+1)^2 +1.33466828255716/(B18+1)^3 -> 0.057998204 | D18: =IF(YEAR(NOW())-'Dados de Entrada'!J$11>B18,D19/(1-C18),IF(YEAR(NOW())-'Dados de Entrada'!J$11<B18,D17*(1-C17),'Dados de Entrada'!J$12)) -> 372738.9 | E18: =D18-D19 -> 21618.187 | F18: =IF(YEAR(NOW())-'Dados de Entrada'!J$11>B18,"",IF('Dados de Entrada'!E$4/12>='Dados de Entrada'!J$11+B18+1-YEAR(NOW()),E18,IF('Dados de Entrada'!E$4/12>'Dados de Entrada'!J$11+B18-YEAR(NOW()),('Dados de Entrada'!E$4/12-ROUNDDOWN('Dados de Entrada'!E$4/12,0))*E18,""))) | G18: =IF(OR(F18="",E18=0),"",F18/E18*D18) | H18: =IF(YEAR(NOW())-'Dados de Entrada'!J$11>=B18,H17*(1+VLOOKUP('Dados de Entrada'!J$11+B17,C$95:D$122,2)),"") -> 547343.53
B19: 4 | C19: =-0.0200788202748401 +0.691025454662637/(B19+1) -1.84853650131968/(B19+1)^2 +1.33466828255716/(B19+1)^3 -> 0.054862157 | D19: =IF(YEAR(NOW())-'Dados de Entrada'!J$11>B19,D20/(1-C19),IF(YEAR(NOW())-'Dados de Entrada'!J$11<B19,D18*(1-C18),'Dados de Entrada'!J$12)) -> 351120.71 | E19: =D19-D20 -> 19263.239 | F19: =IF(YEAR(NOW())-'Dados de Entrada'!J$11>B19,"",IF('Dados de Entrada'!E$4/12>='Dados de Entrada'!J$11+B19+1-YEAR(NOW()),E19,IF('Dados de Entrada'!E$4/12>'Dados de Entrada'!J$11+B19-YEAR(NOW()),('Dados de Entrada'!E$4/12-ROUNDDOWN('Dados de Entrada'!E$4/12,0))*E19,""))) | G19: =IF(OR(F19="",E19=0),"",F19/E19*D19) | H19: =IF(YEAR(NOW())-'Dados de Entrada'!J$11>=B19,H18*(1+VLOOKUP('Dados de Entrada'!J$11+B18,C$95:D$122,2)),"") -> 570934.04
B20: 5 | C20: =-0.0200788202748401 +0.691025454662637/(B20+1) -1.84853650131968/(B20+1)^2 +1.33466828255716/(B20+1)^3 -> 0.049922873 | D20: =IF(YEAR(NOW())-'Dados de Entrada'!J$11>B20,D21/(1-C20),IF(YEAR(NOW())-'Dados de Entrada'!J$11<B20,D19*(1-C19),'Dados de Entrada'!J$12)) -> 331857.47 | E20: =D20-D21 -> 16567.278 | F20: =IF(YEAR(NOW())-'Dados de Entrada'!J$11>B20,"",IF('Dados de Entrada'!E$4/12>='Dados de Entrada'!J$11+B20+1-YEAR(NOW()),E20,IF('Dados de Entrada'!E$4/12>'Dados de Entrada'!J$11+B20-YEAR(NOW()),('Dados de Entrada'!E$4/12-ROUNDDOWN('Dados de Entrada'!E$4/12,0))*E20,""))) | G20: =IF(OR(F20="",E20=0),"",F20/E20*D20) | H20: =IF(YEAR(NOW())-'Dados de Entrada'!J$11>=B20,H19*(1+VLOOKUP('Dados de Entrada'!J$11+B19,C$95:D$122,2)),"") -> 596740.26
B21: 6 | C21: =-0.0200788202748401 +0.691025454662637/(B21+1) -1.84853650131968/(B21+1)^2 +1.33466828255716/(B21+1)^3 -> 0.044805028 | D21: =IF(YEAR(NOW())-'Dados de Entrada'!J$11>B21,D22/(1-C21),IF(YEAR(NOW())-'Dados de Entrada'!J$11<B21,D20*(1-C20),'Dados de Entrada'!J$12)) -> 315290.19 | E21: =D21-D22 -> 14126.586 | F21: =IF(YEAR(NOW())-'Dados de Entrada'!J$11>B21,"",IF('Dados de Entrada'!E$4/12>='Dados de Entrada'!J$11+B21+1-YEAR(NOW()),E21,IF('Dados de Entrada'!E$4/12>'Dados de Entrada'!J$11+B21-YEAR(NOW()),('Dados de Entrada'!E$4/12-ROUNDDOWN('Dados de Entrada'!E$4/12,0))*E21,""))) | G21: =IF(OR(F21="",E21=0),"",F21/E21*D21) | H21: =IF(YEAR(NOW())-'Dados de Entrada'!J$11>=B21,H20*(1+VLOOKUP('Dados de Entrada'!J$11+B20,C$95:D$122,2)),"") -> 656772.32
B22: 7 | C22: =-0.0200788202748401 +0.691025454662637/(B22+1) -1.84853650131968/(B22+1)^2 +1.33466828255716/(B22+1)^3 -> 0.040022753 | D22: =IF(YEAR(NOW())-'Dados de Entrada'!J$11>B22,D23/(1-C22),IF(YEAR(NOW())-'Dados de Entrada'!J$11<B22,D21*(1-C21),'Dados de Entrada'!J$12)) -> 301163.61 | E22: =D22-D23 -> 12053.397 | F22: =IF(YEAR(NOW())-'Dados de Entrada'!J$11>B22,"",IF('Dados de Entrada'!E$4/12>='Dados de Entrada'!J$11+B22+1-YEAR(NOW()),E22,IF('Dados de Entrada'!E$4/12>'Dados de Entrada'!J$11+B22-YEAR(NOW()),('Dados de Entrada'!E$4/12-ROUNDDOWN('Dados de Entrada'!E$4/12,0))*E22,""))) | G22: =IF(OR(F22="",E22=0),"",F22/E22*D22) | H22: =IF(YEAR(NOW())-'Dados de Entrada'!J$11>=B22,H21*(1+VLOOKUP('Dados de Entrada'!J$11+B21,C$95:D$122,2)),"") -> 694799.44
B23: 8 | C23: =-0.0200788202748401 +0.691025454662637/(B23+1) -1.84853650131968/(B23+1)^2 +1.33466828255716/(B23+1)^3 -> 0.035711168 | D23: =IF(YEAR(NOW())-'Dados de Entrada'!J$11>B23,D24/(1-C23),IF(YEAR(NOW())-'Dados de Entrada'!J$11<B23,D22*(1-C22),'Dados de Entrada'!J$12)) -> 289110.21 | E23: =D23-D24 -> 10324.463 | F23: =IF(YEAR(NOW())-'Dados de Entrada'!J$11>B23,"",IF('Dados de Entrada'!E$4/12>='Dados de Entrada'!J$11+B23+1-YEAR(NOW()),E23,IF('Dados de Entrada'!E$4/12>'Dados de Entrada'!J$11+B23-YEAR(NOW()),('Dados de Entrada'!E$4/12-ROUNDDOWN('Dados de Entrada'!E$4/12,0))*E23,""))) | G23: =IF(OR(F23="",E23=0),"",F23/E23*D23) | H23: =IF(YEAR(NOW())-'Dados de Entrada'!J$11>=B23,H22*(1+VLOOKUP('Dados de Entrada'!J$11+B22,C$95:D$122,2)),"") -> 726899.18
B24: 9 | C24: =-0.0200788202748401 +0.691025454662637/(B24+1) -1.84853650131968/(B24+1)^2 +1.33466828255716/(B24+1)^3 -> 0.031873028 | D24: =IF(YEAR(NOW())-'Dados de Entrada'!J$11>B24,D25/(1-C24),IF(YEAR(NOW())-'Dados de Entrada'!J$11<B24,D23*(1-C23),'Dados de Entrada'!J$12)) -> 278785.75 | E24: =D24-D25 -> 8885.746 | F24: =IF(YEAR(NOW())-'Dados de Entrada'!J$11>B24,"",IF('Dados de Entrada'!E$4/12>='Dados de Entrada'!J$11+B24+1-YEAR(NOW()),E24,IF('Dados de Entrada'!E$4/12>'Dados de Entrada'!J$11+B24-YEAR(NOW()),('Dados de Entrada'!E$4/12-ROUNDDOWN('Dados de Entrada'!E$4/12,0))*E24,""))) | G24: =IF(OR(F24="",E24=0),"",F24/E24*D24) | H24: =IF(YEAR(NOW())-'Dados de Entrada'!J$11>=B24,H23*(1+VLOOKUP('Dados de Entrada'!J$11+B23,C$95:D$122,2)),"") -> 754594.04
B25: 10 | C25: =-0.0200788202748401 +0.691025454662637/(B25+1) -1.84853650131968/(B25+1)^2 +1.33466828255716/(B25+1)^3 -> 0.02846727 | D25: =IF(YEAR(NOW())-'Dados de Entrada'!J$11>B25,D26/(1-C25),IF(YEAR(NOW())-'Dados de Entrada'!J$11<B25,D24*(1-C24),'Dados de Entrada'!J$12)) -> 269900 | E25: =D25-D26 -> 7683.3163 | F25: =IF(YEAR(NOW())-'Dados de Entrada'!J$11>B25,"",IF('Dados de Entrada'!E$4/12>='Dados de Entrada'!J$11+B25+1-YEAR(NOW()),E25,IF('Dados de Entrada'!E$4/12>'Dados de Entrada'!J$11+B25-YEAR(NOW()),('Dados de Entrada'!E$4/12-ROUNDDOWN('Dados de Entrada'!E$4/12,0))*E25,""))) -> 7683.3163 | G25: =IF(OR(F25="",E25=0),"",F25/E25*D25) -> 269900 | H25: =IF(YEAR(NOW())-'Dados de Entrada'!J$11>=B25,H24*(1+VLOOKUP('Dados de Entrada'!J$11+B24,C$95:D$122,2)),"") -> 786136.07
B26: 11 | C26: =-0.0200788202748401 +0.691025454662637/(B26+1) -1.84853650131968/(B26+1)^2 +1.33466828255716/(B26+1)^3 -> 0.025441953 | D26: =IF(YEAR(NOW())-'Dados de Entrada'!J$11>B26,D27/(1-C26),IF(YEAR(NOW())-'Dados de Entrada'!J$11<B26,D25*(1-C25),'Dados de Entrada'!J$12)) -> 262216.68 | E26: =D26-D27 -> 6671.3045 | F26: =IF(YEAR(NOW())-'Dados de Entrada'!J$11>B26,"",IF('Dados de Entrada'!E$4/12>='Dados de Entrada'!J$11+B26+1-YEAR(NOW()),E26,IF('Dados de Entrada'!E$4/12>'Dados de Entrada'!J$11+B26-YEAR(NOW()),('Dados de Entrada'!E$4/12-ROUNDDOWN('Dados de Entrada'!E$4/12,0))*E26,""))) -> 6671.3045 | G26: =IF(OR(F26="",E26=0),"",F26/E26*D26) -> 262216.68 | H26: =IF(YEAR(NOW())-'Dados de Entrada'!J$11>=B26,H25*(1+VLOOKUP('Dados de Entrada'!J$11+B25,C$95:D$122,2)),"")
B27: 12 | C27: =-0.0200788202748401 +0.691025454662637/(B27+1) -1.84853650131968/(B27+1)^2 +1.33466828255716/(B27+1)^3 -> 0.022746394 | D27: =IF(YEAR(NOW())-'Dados de Entrada'!J$11>B27,D28/(1-C27),IF(YEAR(NOW())-'Dados de Entrada'!J$11<B27,D26*(1-C26),'Dados de Entrada'!J$12)) -> 255545.38 | E27: =D27-D28 -> 5812.7359 | F27: =IF(YEAR(NOW())-'Dados de Entrada'!J$11>B27,"",IF('Dados de Entrada'!E$4/12>='Dados de Entrada'!J$11+B27+1-YEAR(NOW()),E27,IF('Dados de Entrada'!E$4/12>'Dados de Entrada'!J$11+B27-YEAR(NOW()),('Dados de Entrada'!E$4/12-ROUNDDOWN('Dados de Entrada'!E$4/12,0))*E27,""))) | G27: =IF(OR(F27="",E27=0),"",F27/E27*D27) | H27: =IF(YEAR(NOW())-'Dados de Entrada'!J$11>=B27,H26*(1+VLOOKUP('Dados de Entrada'!J$11+B26,C$95:D$122,2)),"")
... B36: 21 | C36: =-0.0200788202748401 +0.691025454662637/(B36+1) -1.84853650131968/(B36+1)^2 +1.33466828255716/(B36+1)^3 -> 0.0076374819 | D36: =IF(YEAR(NOW())-'Dados de Entrada'!J$11>B36,D37/(1-C36),IF(YEAR(NOW())-'Dados de Entrada'!J$11<B36,D35*(1-C35),'Dados de Entrada'!J$12)) -> 223045.6 | E36: =D36-D37 -> 1703.5068 | F36: =IF(YEAR(NOW())-'Dados de Entrada'!J$11>B36,"",IF('Dados de Entrada'!E$4/12>='Dados de Entrada'!J$11+B36+1-YEAR(NOW()),E36,IF('Dados de Entrada'!E$4/12>'Dados de Entrada'!J$11+B36-YEAR(NOW()),('Dados de Entrada'!E$4/12-ROUNDDOWN('Dados de Entrada'!E$4/12,0))*E36,""))) | G36: =IF(OR(F36="",E36=0),"",F36/E36*D36) | H36: =IF(YEAR(NOW())-'Dados de Entrada'!J$11>=B36,H35*(1+VLOOKUP('Dados de Entrada'!J$11+B35,C$95:D$122,2)),"")
B37: 22 | C37: =-0.0200788202748401 +0.691025454662637/(B37+1) -1.84853650131968/(B37+1)^2 +1.33466828255716/(B37+1)^3 -> 0.0065810625 | D37: =IF(YEAR(NOW())-'Dados de Entrada'!J$11>B37,D38/(1-C37),IF(YEAR(NOW())-'Dados de Entrada'!J$11<B37,D36*(1-C36),'Dados de Entrada'!J$12)) -> 221342.1 | E37: =YEAR(NOW())-'Dados de Entrada'!J$11 -> 10 | F37: =IF(YEAR(NOW())-'Dados de Entrada'!J$11>B37,"",IF('Dados de Entrada'!E$4/12>='Dados de Entrada'!J$11+B37+1-YEAR(NOW()),E37,IF('Dados de Entrada'!E$4/12>'Dados de Entrada'!J$11+B37-YEAR(NOW()),('Dados de Entrada'!E$4/12-ROUNDDOWN('Dados de Entrada'!E$4/12,0))*E37,""))) | G37: =IF(OR(F37="",E37=0),"",F37/E37*D37) | H37: =IF(YEAR(NOW())-'Dados de Entrada'!J$11>=B37,H36*(1+VLOOKUP('Dados de Entrada'!J$11+B36,C$95:D$122,2)),"")
B39: Ônibus
B40: Idade | C40: Índice de Depreciação | D40: Valor Venal | E40: Depreciação | F40: Depreciação Contratada
B41: 0 | C41: =0.070580632761148 -0.175867025361679/(B41+1) +0.160146777920703/(B41+1)^2 +0.100712622149732/(B41+1)^3 -> 0.15557301 | D41: =IF(YEAR(NOW())-'Dados de Entrada'!J$6>B41,D42/(1-C41),IF(YEAR(NOW())-'Dados de Entrada'!J$6<B41,D40*(1-C40),'Dados de Entrada'!J$7)) -> 408291.18 | E41: =D41-D42 -> 63519.086 | F41: =IF(YEAR(NOW())-'Dados de Entrada'!J$6>B41,"",IF('Dados de Entrada'!E$4/12>='Dados de Entrada'!J$6+B41+1-YEAR(NOW()),E41,IF('Dados de Entrada'!E$4/12>'Dados de Entrada'!J$6+B41-YEAR(NOW()),('Dados de Entrada'!E$4/12-ROUNDDOWN('Dados de Entrada'!E$4/12,0))*E41,""))) | G41: =IF(OR(F41="",E41=0),"",F41/E41*D41) | H41: =D41 -> 408291.18
B42: 1 | C42: =0.070580632761148 -0.175867025361679/(B42+1) +0.160146777920703/(B42+1)^2 +0.100712622149732/(B42+1)^3 -> 0.035272892 | D42: =IF(YEAR(NOW())-'Dados de Entrada'!J$6>B42,D43/(1-C42),IF(YEAR(NOW())-'Dados de Entrada'!J$6<B42,D41*(1-C41),'Dados de Entrada'!J$7)) -> 344772.09 | E42: =D42-D43 -> 12161.109 | F42: =IF(YEAR(NOW())-'Dados de Entrada'!J$6>B42,"",IF('Dados de Entrada'!E$4/12>='Dados de Entrada'!J$6+B42+1-YEAR(NOW()),E42,IF('Dados de Entrada'!E$4/12>'Dados de Entrada'!J$6+B42-YEAR(NOW()),('Dados de Entrada'!E$4/12-ROUNDDOWN('Dados de Entrada'!E$4/12,0))*E42,""))) | G42: =IF(OR(F42="",E42=0),"",F42/E42*D42) | H42: =IF(YEAR(NOW())-'Dados de Entrada'!J$6>=B42,H41*(1+VLOOKUP('Dados de Entrada'!J$6+B41,C$95:D$122,2)),"") -> 433972.69
B43: 2 | C43: =0.070580632761148 -0.175867025361679/(B43+1) +0.160146777920703/(B43+1)^2 +0.100712622149732/(B43+1)^3 -> 0.033482475 | D43: =IF(YEAR(NOW())-'Dados de Entrada'!J$6>B43,D44/(1-C43),IF(YEAR(NOW())-'Dados de Entrada'!J$6<B43,D42*(1-C42),'Dados de Entrada'!J$7)) -> 332610.98 | E43: =D43-D44 -> 11136.639 | F43: =IF(YEAR(NOW())-'Dados de Entrada'!J$6>B43,"",IF('Dados de Entrada'!E$4/12>='Dados de Entrada'!J$6+B43+1-YEAR(NOW()),E43,IF('Dados de Entrada'!E$4/12>'Dados de Entrada'!J$6+B43-YEAR(NOW()),('Dados de Entrada'!E$4/12-ROUNDDOWN('Dados de Entrada'!E$4/12,0))*E43,""))) | G43: =IF(OR(F43="",E43=0),"",F43/E43*D43) | H43: =IF(YEAR(NOW())-'Dados de Entrada'!J$6>=B43,H42*(1+VLOOKUP('Dados de Entrada'!J$6+B42,C$95:D$122,2)),"") -> 446774.89
B44: 3 | C44: =0.070580632761148 -0.175867025361679/(B44+1) +0.160146777920703/(B44+1)^2 +0.100712622149732/(B44+1)^3 -> 0.038196685 | D44: =IF(YEAR(NOW())-'Dados de Entrada'!J$6>B44,D45/(1-C44),IF(YEAR(NOW())-'Dados de Entrada'!J$6<B44,D43*(1-C43),'Dados de Entrada'!J$7)) -> 321474.34 | E44: =D44-D45 -> 12279.254 | F44: =IF(YEAR(NOW())-'Dados de Entrada'!J$6>B44,"",IF('Dados de Entrada'!E$4/12>='Dados de Entrada'!J$6+B44+1-YEAR(NOW()),E44,IF('Dados de Entrada'!E$4/12>'Dados de Entrada'!J$6+B44-YEAR(NOW()),('Dados de Entrada'!E$4/12-ROUNDDOWN('Dados de Entrada'!E$4/12,0))*E44,""))) | G44: =IF(OR(F44="",E44=0),"",F44/E44*D44) | H44: =IF(YEAR(NOW())-'Dados de Entrada'!J$6>=B44,H43*(1+VLOOKUP('Dados de Entrada'!J$6+B43,C$95:D$122,2)),"") -> 463528.95
B45: 4 | C45: =0.070580632761148 -0.175867025361679/(B45+1) +0.160146777920703/(B45+1)^2 +0.100712622149732/(B45+1)^3 -> 0.0426188 | D45: =IF(YEAR(NOW())-'Dados de Entrada'!J$6>B45,D46/(1-C45),IF(YEAR(NOW())-'Dados de Entrada'!J$6<B45,D44*(1-C44),'Dados de Entrada'!J$7)) -> 309195.09 | E45: =D45-D46 -> 13177.524 | F45: =IF(YEAR(NOW())-'Dados de Entrada'!J$6>B45,"",IF('Dados de Entrada'!E$4/12>='Dados de Entrada'!J$6+B45+1-YEAR(NOW()),E45,IF('Dados de Entrada'!E$4/12>'Dados de Entrada'!J$6+B45-YEAR(NOW()),('Dados de Entrada'!E$4/12-ROUNDDOWN('Dados de Entrada'!E$4/12,0))*E45,""))) | G45: =IF(OR(F45="",E45=0),"",F45/E45*D45) | H45: =IF(YEAR(NOW())-'Dados de Entrada'!J$6>=B45,H44*(1+VLOOKUP('Dados de Entrada'!J$6+B44,C$95:D$122,2)),"") -> 483507.04
B46: 5 | C46: =0.070580632761148 -0.175867025361679/(B46+1) +0.160146777920703/(B46+1)^2 +0.100712622149732/(B46+1)^3 -> 0.046184246 | D46: =IF(YEAR(NOW())-'Dados de Entrada'!J$6>B46,D47/(1-C46),IF(YEAR(NOW())-'Dados de Entrada'!J$6<B46,D45*(1-C45),'Dados de Entrada'!J$7)) -> 296017.57 | E46: =D46-D47 -> 13671.348 | F46: =IF(YEAR(NOW())-'Dados de Entrada'!J$6>B46,"",IF('Dados de Entrada'!E$4/12>='Dados de Entrada'!J$6+B46+1-YEAR(NOW()),E46,IF('Dados de Entrada'!E$4/12>'Dados de Entrada'!J$6+B46-YEAR(NOW()),('Dados de Entrada'!E$4/12-ROUNDDOWN('Dados de Entrada'!E$4/12,0))*E46,""))) | G46: =IF(OR(F46="",E46=0),"",F46/E46*D46) | H46: =IF(YEAR(NOW())-'Dados de Entrada'!J$6>=B46,H45*(1+VLOOKUP('Dados de Entrada'!J$6+B45,C$95:D$122,2)),"") -> 505361.56
B47: 6 | C47: =0.070580632761148 -0.175867025361679/(B47+1) +0.160146777920703/(B47+1)^2 +0.100712622149732/(B47+1)^3 -> 0.049018696 | D47: =IF(YEAR(NOW())-'Dados de Entrada'!J$6>B47,D48/(1-C47),IF(YEAR(NOW())-'Dados de Entrada'!J$6<B47,D46*(1-C46),'Dados de Entrada'!J$7)) -> 282346.22 | E47: =D47-D48 -> 13840.244 | F47: =IF(YEAR(NOW())-'Dados de Entrada'!J$6>B47,"",IF('Dados de Entrada'!E$4/12>='Dados de Entrada'!J$6+B47+1-YEAR(NOW()),E47,IF('Dados de Entrada'!E$4/12>'Dados de Entrada'!J$6+B47-YEAR(NOW()),('Dados de Entrada'!E$4/12-ROUNDDOWN('Dados de Entrada'!E$4/12,0))*E47,""))) | G47: =IF(OR(F47="",E47=0),"",F47/E47*D47) | H47: =IF(YEAR(NOW())-'Dados de Entrada'!J$6>=B47,H46*(1+VLOOKUP('Dados de Entrada'!J$6+B46,C$95:D$122,2)),"") -> 556200.93
B48: 7 | C48: =0.070580632761148 -0.175867025361679/(B48+1) +0.160146777920703/(B48+1)^2 +0.100712622149732/(B48+1)^3 -> 0.051296252 | D48: =IF(YEAR(NOW())-'Dados de Entrada'!J$6>B48,D49/(1-C48),IF(YEAR(NOW())-'Dados de Entrada'!J$6<B48,D47*(1-C47),'Dados de Entrada'!J$7)) -> 268505.97 | E48: =D48-D49 -> 13773.35 | F48: =IF(YEAR(NOW())-'Dados de Entrada'!J$6>B48,"",IF('Dados de Entrada'!E$4/12>='Dados de Entrada'!J$6+B48+1-YEAR(NOW()),E48,IF('Dados de Entrada'!E$4/12>'Dados de Entrada'!J$6+B48-YEAR(NOW()),('Dados de Entrada'!E$4/12-ROUNDDOWN('Dados de Entrada'!E$4/12,0))*E48,""))) | G48: =IF(OR(F48="",E48=0),"",F48/E48*D48) | H48: =IF(YEAR(NOW())-'Dados de Entrada'!J$6>=B48,H47*(1+VLOOKUP('Dados de Entrada'!J$6+B47,C$95:D$122,2)),"") -> 588404.97
B49: 8 | C49: =0.070580632761148 -0.175867025361679/(B49+1) +0.160146777920703/(B49+1)^2 +0.100712622149732/(B49+1)^3 -> 0.053155125 | D49: =IF(YEAR(NOW())-'Dados de Entrada'!J$6>B49,D50/(1-C49),IF(YEAR(NOW())-'Dados de Entrada'!J$6<B49,D48*(1-C48),'Dados de Entrada'!J$7)) -> 254732.62 | E49: =D49-D50 -> 13540.344 | F49: =IF(YEAR(NOW())-'Dados de Entrada'!J$6>B49,"",IF('Dados de Entrada'!E$4/12>='Dados de Entrada'!J$6+B49+1-YEAR(NOW()),E49,IF('Dados de Entrada'!E$4/12>'Dados de Entrada'!J$6+B49-YEAR(NOW()),('Dados de Entrada'!E$4/12-ROUNDDOWN('Dados de Entrada'!E$4/12,0))*E49,""))) | G49: =IF(OR(F49="",E49=0),"",F49/E49*D49) | H49: =IF(YEAR(NOW())-'Dados de Entrada'!J$6>=B49,H48*(1+VLOOKUP('Dados de Entrada'!J$6+B48,C$95:D$122,2)),"") -> 615589.28
B50: 9 | C50: =0.070580632761148 -0.175867025361679/(B50+1) +0.160146777920703/(B50+1)^2 +0.100712622149732/(B50+1)^3 -> 0.054696111 | D50: =IF(YEAR(NOW())-'Dados de Entrada'!J$6>B50,D51/(1-C50),IF(YEAR(NOW())-'Dados de Entrada'!J$6<B50,D49*(1-C49),'Dados de Entrada'!J$7)) -> 241192.28 | E50: =D50-D51 -> 13192.28 | F50: =IF(YEAR(NOW())-'Dados de Entrada'!J$6>B50,"",IF('Dados de Entrada'!E$4/12>='Dados de Entrada'!J$6+B50+1-YEAR(NOW()),E50,IF('Dados de Entrada'!E$4/12>'Dados de Entrada'!J$6+B50-YEAR(NOW()),('Dados de Entrada'!E$4/12-ROUNDDOWN('Dados de Entrada'!E$4/12,0))*E50,""))) | G50: =IF(OR(F50="",E50=0),"",F50/E50*D50) | H50: =IF(YEAR(NOW())-'Dados de Entrada'!J$6>=B50,H49*(1+VLOOKUP('Dados de Entrada'!J$6+B49,C$95:D$122,2)),"") -> 639043.23
B51: 10 | C51: =0.070580632761148 -0.175867025361679/(B51+1) +0.160146777920703/(B51+1)^2 +0.100712622149732/(B51+1)^3 -> 0.055991915 | D51: =IF(YEAR(NOW())-'Dados de Entrada'!J$6>B51,D52/(1-C51),IF(YEAR(NOW())-'Dados de Entrada'!J$6<B51,D50*(1-C50),'Dados de Entrada'!J$7)) -> 228000 | E51: =D51-D52 -> 12766.157 | F51: =IF(YEAR(NOW())-'Dados de Entrada'!J$6>B51,"",IF('Dados de Entrada'!E$4/12>='Dados de Entrada'!J$6+B51+1-YEAR(NOW()),E51,IF('Dados de Entrada'!E$4/12>'Dados de Entrada'!J$6+B51-YEAR(NOW()),('Dados de Entrada'!E$4/12-ROUNDDOWN('Dados de Entrada'!E$4/12,0))*E51,""))) -> 12766.157 | G51: =IF(OR(F51="",E51=0),"",F51/E51*D51) -> 228000 | H51: =IF(YEAR(NOW())-'Dados de Entrada'!J$6>=B51,H50*(1+VLOOKUP('Dados de Entrada'!J$6+B50,C$95:D$122,2)),"") -> 665755.24
B52: 11 | C52: =0.070580632761148 -0.175867025361679/(B52+1) +0.160146777920703/(B52+1)^2 +0.100712622149732/(B52+1)^3 -> 0.05709546 | D52: =IF(YEAR(NOW())-'Dados de Entrada'!J$6>B52,D53/(1-C52),IF(YEAR(NOW())-'Dados de Entrada'!J$6<B52,D51*(1-C51),'Dados de Entrada'!J$7)) -> 215233.84 | E52: =D52-D53 -> 12288.875 | F52: =IF(YEAR(NOW())-'Dados de Entrada'!J$6>B52,"",IF('Dados de Entrada'!E$4/12>='Dados de Entrada'!J$6+B52+1-YEAR(NOW()),E52,IF('Dados de Entrada'!E$4/12>'Dados de Entrada'!J$6+B52-YEAR(NOW()),('Dados de Entrada'!E$4/12-ROUNDDOWN('Dados de Entrada'!E$4/12,0))*E52,""))) -> 12288.875 | G52: =IF(OR(F52="",E52=0),"",F52/E52*D52) -> 215233.84 | H52: =IF(YEAR(NOW())-'Dados de Entrada'!J$6>=B52,H51*(1+VLOOKUP('Dados de Entrada'!J$6+B51,C$95:D$122,2)),"")
B53: 12 | C53: =0.070580632761148 -0.175867025361679/(B53+1) +0.160146777920703/(B53+1)^2 +0.100712622149732/(B53+1)^3 -> 0.058045855 | D53: =IF(YEAR(NOW())-'Dados de Entrada'!J$6>B53,D54/(1-C53),IF(YEAR(NOW())-'Dados de Entrada'!J$6<B53,D52*(1-C52),'Dados de Entrada'!J$7)) -> 202944.97 | E53: =D53-D54 -> 11780.114 | F53: =IF(YEAR(NOW())-'Dados de Entrada'!J$6>B53,"",IF('Dados de Entrada'!E$4/12>='Dados de Entrada'!J$6+B53+1-YEAR(NOW()),E53,IF('Dados de Entrada'!E$4/12>'Dados de Entrada'!J$6+B53-YEAR(NOW()),('Dados de Entrada'!E$4/12-ROUNDDOWN('Dados de Entrada'!E$4/12,0))*E53,""))) | G53: =IF(OR(F53="",E53=0),"",F53/E53*D53) | H53: =IF(YEAR(NOW())-'Dados de Entrada'!J$6>=B53,H52*(1+VLOOKUP('Dados de Entrada'!J$6+B52,C$95:D$122,2)),"")
... B62: 21 | C62: =0.070580632761148 -0.175867025361679/(B62+1) +0.160146777920703/(B62+1)^2 +0.100712622149732/(B62+1)^3 -> 0.062927017 | D62: =IF(YEAR(NOW())-'Dados de Entrada'!J$6>B62,D63/(1-C62),IF(YEAR(NOW())-'Dados de Entrada'!J$6<B62,D61*(1-C61),'Dados de Entrada'!J$7)) -> 115612.66 | E62: =D62-D63 -> 7275.1597 | F62: =IF(YEAR(NOW())-'Dados de Entrada'!J$6>B62,"",IF('Dados de Entrada'!E$4/12>='Dados de Entrada'!J$6+B62+1-YEAR(NOW()),E62,IF('Dados de Entrada'!E$4/12>'Dados de Entrada'!J$6+B62-YEAR(NOW()),('Dados de Entrada'!E$4/12-ROUNDDOWN('Dados de Entrada'!E$4/12,0))*E62,""))) | G62: =IF(OR(F62="",E62=0),"",F62/E62*D62) | H62: =IF(YEAR(NOW())-'Dados de Entrada'!J$6>=B62,H61*(1+VLOOKUP('Dados de Entrada'!J$6+B61,C$95:D$122,2)),"")
B63: 22 | C63: =0.070580632761148 -0.175867025361679/(B63+1) +0.160146777920703/(B63+1)^2 +0.100712622149732/(B63+1)^3 -> 0.063245253 | D63: =IF(YEAR(NOW())-'Dados de Entrada'!J$6>B63,D64/(1-C63),IF(YEAR(NOW())-'Dados de Entrada'!J$6<B63,D62*(1-C62),'Dados de Entrada'!J$7)) -> 108337.5 | E63: =YEAR(NOW())-'Dados de Entrada'!J$6 -> 10 | F63: =IF(YEAR(NOW())-'Dados de Entrada'!J$6>B63,"",IF('Dados de Entrada'!E$4/12>='Dados de Entrada'!J$6+B63+1-YEAR(NOW()),E63,IF('Dados de Entrada'!E$4/12>'Dados de Entrada'!J$6+B63-YEAR(NOW()),('Dados de Entrada'!E$4/12-ROUNDDOWN('Dados de Entrada'!E$4/12,0))*E63,""))) | G63: =IF(OR(F63="",E63=0),"",F63/E63*D63) | H63: =IF(YEAR(NOW())-'Dados de Entrada'!J$6>=B63,H62*(1+VLOOKUP('Dados de Entrada'!J$6+B62,C$95:D$122,2)),"")
B66: Van
B67: Idade | C67: Índice de Depreciação | D67: Valor Venal | E67: Depreciação | F67: Depreciação Contratada
B68: 0 | C68: =0.00635637852668087 +0.0712542999950912/(B68+1) -0.296774990294309/(B68+1)^2 +0.363971017624909/(B68+1)^3 -> 0.14480671 | D68: =IF(YEAR(NOW())-'Dados de Entrada'!J$16>B68,D69/(1-C68),IF(YEAR(NOW())-'Dados de Entrada'!J$16<B68,D67*(1-C67),'Dados de Entrada'!J$17)) -> 207557.46 | E68: =D68-D69 -> 30055.712 | F68: =IF(YEAR(NOW())-'Dados de Entrada'!J$16>B68,"",IF('Dados de Entrada'!E$4/12>='Dados de Entrada'!J$16+B68+1-YEAR(NOW()),E68,IF('Dados de Entrada'!E$4/12>'Dados de Entrada'!J$16+B68-YEAR(NOW()),('Dados de Entrada'!E$4/12-ROUNDDOWN('Dados de Entrada'!E$4/12,0))*E68,""))) | G68: =IF(OR(F68="",E68=0),"",F68/E68*D68) | H68: =D68 -> 207557.46
B69: 1 | C69: =0.00635637852668087 +0.0712542999950912/(B69+1) -0.296774990294309/(B69+1)^2 +0.363971017624909/(B69+1)^3 -> 0.013286158 | D69: =IF(YEAR(NOW())-'Dados de Entrada'!J$16>B69,D70/(1-C69),IF(YEAR(NOW())-'Dados de Entrada'!J$16<B69,D68*(1-C68),'Dados de Entrada'!J$17)) -> 177501.75 | E69: =D69-D70 -> 2358.3163 | F69: =IF(YEAR(NOW())-'Dados de Entrada'!J$16>B69,"",IF('Dados de Entrada'!E$4/12>='Dados de Entrada'!J$16+B69+1-YEAR(NOW()),E69,IF('Dados de Entrada'!E$4/12>'Dados de Entrada'!J$16+B69-YEAR(NOW()),('Dados de Entrada'!E$4/12-ROUNDDOWN('Dados de Entrada'!E$4/12,0))*E69,""))) | G69: =IF(OR(F69="",E69=0),"",F69/E69*D69) | H69: =IF(YEAR(NOW())-'Dados de Entrada'!J$6>=B69,H68*(1+VLOOKUP('Dados de Entrada'!J$6+B68,C$95:D$122,2)),"") -> 220612.82
B70: 2 | C70: =0.00635637852668087 +0.0712542999950912/(B70+1) -0.296774990294309/(B70+1)^2 +0.363971017624909/(B70+1)^3 -> 0.010613221 | D70: =IF(YEAR(NOW())-'Dados de Entrada'!J$16>B70,D71/(1-C70),IF(YEAR(NOW())-'Dados de Entrada'!J$16<B70,D69*(1-C69),'Dados de Entrada'!J$17)) -> 175143.43 | E70: =D70-D71 -> 1858.8359 | F70: =IF(YEAR(NOW())-'Dados de Entrada'!J$16>B70,"",IF('Dados de Entrada'!E$4/12>='Dados de Entrada'!J$16+B70+1-YEAR(NOW()),E70,IF('Dados de Entrada'!E$4/12>'Dados de Entrada'!J$16+B70-YEAR(NOW()),('Dados de Entrada'!E$4/12-ROUNDDOWN('Dados de Entrada'!E$4/12,0))*E70,""))) | G70: =IF(OR(F70="",E70=0),"",F70/E70*D70) | H70: =IF(YEAR(NOW())-'Dados de Entrada'!J$6>=B70,H69*(1+VLOOKUP('Dados de Entrada'!J$6+B69,C$95:D$122,2)),"") -> 227120.9
B71: 3 | C71: =0.00635637852668087 +0.0712542999950912/(B71+1) -0.296774990294309/(B71+1)^2 +0.363971017624909/(B71+1)^3 -> 0.011308564 | D71: =IF(YEAR(NOW())-'Dados de Entrada'!J$16>B71,D72/(1-C71),IF(YEAR(NOW())-'Dados de Entrada'!J$16<B71,D70*(1-C70),'Dados de Entrada'!J$17)) -> 173284.59 | E71: =D71-D72 -> 1959.5999 | F71: =IF(YEAR(NOW())-'Dados de Entrada'!J$16>B71,"",IF('Dados de Entrada'!E$4/12>='Dados de Entrada'!J$16+B71+1-YEAR(NOW()),E71,IF('Dados de Entrada'!E$4/12>'Dados de Entrada'!J$16+B71-YEAR(NOW()),('Dados de Entrada'!E$4/12-ROUNDDOWN('Dados de Entrada'!E$4/12,0))*E71,""))) | G71: =IF(OR(F71="",E71=0),"",F71/E71*D71) | H71: =IF(YEAR(NOW())-'Dados de Entrada'!J$6>=B71,H70*(1+VLOOKUP('Dados de Entrada'!J$6+B70,C$95:D$122,2)),"") -> 235637.93
B72: 4 | C72: =0.00635637852668087 +0.0712542999950912/(B72+1) -0.296774990294309/(B72+1)^2 +0.363971017624909/(B72+1)^3 -> 0.011648007 | D72: =IF(YEAR(NOW())-'Dados de Entrada'!J$16>B72,D73/(1-C72),IF(YEAR(NOW())-'Dados de Entrada'!J$16<B72,D71*(1-C71),'Dados de Entrada'!J$17)) -> 171324.99 | E72: =D72-D73 -> 1995.5947 | F72: =IF(YEAR(NOW())-'Dados de Entrada'!J$16>B72,"",IF('Dados de Entrada'!E$4/12>='Dados de Entrada'!J$16+B72+1-YEAR(NOW()),E72,IF('Dados de Entrada'!E$4/12>'Dados de Entrada'!J$16+B72-YEAR(NOW()),('Dados de Entrada'!E$4/12-ROUNDDOWN('Dados de Entrada'!E$4/12,0))*E72,""))) | G72: =IF(OR(F72="",E72=0),"",F72/E72*D72) | H72: =IF(YEAR(NOW())-'Dados de Entrada'!J$6>=B72,H71*(1+VLOOKUP('Dados de Entrada'!J$6+B71,C$95:D$122,2)),"") -> 245793.93
B73: 5 | C73: =0.00635637852668087 +0.0712542999950912/(B73+1) -0.296774990294309/(B73+1)^2 +0.363971017624909/(B73+1)^3 -> 0.011673396 | D73: =IF(YEAR(NOW())-'Dados de Entrada'!J$16>B73,D74/(1-C73),IF(YEAR(NOW())-'Dados de Entrada'!J$16<B73,D72*(1-C72),'Dados de Entrada'!J$17)) -> 169329.4 | E73: =D73-D74 -> 1976.6492 | F73: =IF(YEAR(NOW())-'Dados de Entrada'!J$16>B73,"",IF('Dados de Entrada'!E$4/12>='Dados de Entrada'!J$16+B73+1-YEAR(NOW()),E73,IF('Dados de Entrada'!E$4/12>'Dados de Entrada'!J$16+B73-YEAR(NOW()),('Dados de Entrada'!E$4/12-ROUNDDOWN('Dados de Entrada'!E$4/12,0))*E73,""))) | G73: =IF(OR(F73="",E73=0),"",F73/E73*D73) | H73: =IF(YEAR(NOW())-'Dados de Entrada'!J$6>=B73,H72*(1+VLOOKUP('Dados de Entrada'!J$6+B72,C$95:D$122,2)),"") -> 256903.82
B74: 6 | C74: =0.00635637852668087 +0.0712542999950912/(B74+1) -0.296774990294309/(B74+1)^2 +0.363971017624909/(B74+1)^3 -> 0.011540072 | D74: =IF(YEAR(NOW())-'Dados de Entrada'!J$16>B74,D75/(1-C74),IF(YEAR(NOW())-'Dados de Entrada'!J$16<B74,D73*(1-C73),'Dados de Entrada'!J$17)) -> 167352.75 | E74: =D74-D75 -> 1931.2628 | F74: =IF(YEAR(NOW())-'Dados de Entrada'!J$16>B74,"",IF('Dados de Entrada'!E$4/12>='Dados de Entrada'!J$16+B74+1-YEAR(NOW()),E74,IF('Dados de Entrada'!E$4/12>'Dados de Entrada'!J$16+B74-YEAR(NOW()),('Dados de Entrada'!E$4/12-ROUNDDOWN('Dados de Entrada'!E$4/12,0))*E74,""))) | G74: =IF(OR(F74="",E74=0),"",F74/E74*D74) | H74: =IF(YEAR(NOW())-'Dados de Entrada'!J$6>=B74,H73*(1+VLOOKUP('Dados de Entrada'!J$6+B73,C$95:D$122,2)),"") -> 282748.34
B75: 7 | C75: =0.00635637852668087 +0.0712542999950912/(B75+1) -0.296774990294309/(B75+1)^2 +0.363971017624909/(B75+1)^3 -> 0.011336938 | D75: =IF(YEAR(NOW())-'Dados de Entrada'!J$16>B75,D76/(1-C75),IF(YEAR(NOW())-'Dados de Entrada'!J$16<B75,D74*(1-C74),'Dados de Entrada'!J$17)) -> 165421.49 | E75: =D75-D76 -> 1875.3731 | F75: =IF(YEAR(NOW())-'Dados de Entrada'!J$16>B75,"",IF('Dados de Entrada'!E$4/12>='Dados de Entrada'!J$16+B75+1-YEAR(NOW()),E75,IF('Dados de Entrada'!E$4/12>'Dados de Entrada'!J$16+B75-YEAR(NOW()),('Dados de Entrada'!E$4/12-ROUNDDOWN('Dados de Entrada'!E$4/12,0))*E75,""))) | G75: =IF(OR(F75="",E75=0),"",F75/E75*D75) | H75: =IF(YEAR(NOW())-'Dados de Entrada'!J$6>=B75,H74*(1+VLOOKUP('Dados de Entrada'!J$6+B74,C$95:D$122,2)),"") -> 299119.47
B76: 8 | C76: =0.00635637852668087 +0.0712542999950912/(B76+1) -0.296774990294309/(B76+1)^2 +0.363971017624909/(B76+1)^3 -> 0.011108909 | D76: =IF(YEAR(NOW())-'Dados de Entrada'!J$16>B76,D77/(1-C76),IF(YEAR(NOW())-'Dados de Entrada'!J$16<B76,D75*(1-C75),'Dados de Entrada'!J$17)) -> 163546.11 | E76: =D76-D77 -> 1816.8188 | F76: =IF(YEAR(NOW())-'Dados de Entrada'!J$16>B76,"",IF('Dados de Entrada'!E$4/12>='Dados de Entrada'!J$16+B76+1-YEAR(NOW()),E76,IF('Dados de Entrada'!E$4/12>'Dados de Entrada'!J$16+B76-YEAR(NOW()),('Dados de Entrada'!E$4/12-ROUNDDOWN('Dados de Entrada'!E$4/12,0))*E76,""))) | G76: =IF(OR(F76="",E76=0),"",F76/E76*D76) | H76: =IF(YEAR(NOW())-'Dados de Entrada'!J$6>=B76,H75*(1+VLOOKUP('Dados de Entrada'!J$6+B75,C$95:D$122,2)),"") -> 312938.79
B77: 9 | C77: =0.00635637852668087 +0.0712542999950912/(B77+1) -0.296774990294309/(B77+1)^2 +0.363971017624909/(B77+1)^3 -> 0.01087803 | D77: =IF(YEAR(NOW())-'Dados de Entrada'!J$16>B77,D78/(1-C77),IF(YEAR(NOW())-'Dados de Entrada'!J$16<B77,D76*(1-C76),'Dados de Entrada'!J$17)) -> 161729.3 | E77: =D77-D78 -> 1759.2961 | F77: =IF(YEAR(NOW())-'Dados de Entrada'!J$16>B77,"",IF('Dados de Entrada'!E$4/12>='Dados de Entrada'!J$16+B77+1-YEAR(NOW()),E77,IF('Dados de Entrada'!E$4/12>'Dados de Entrada'!J$16+B77-YEAR(NOW()),('Dados de Entrada'!E$4/12-ROUNDDOWN('Dados de Entrada'!E$4/12,0))*E77,""))) | G77: =IF(OR(F77="",E77=0),"",F77/E77*D77) | H77: =IF(YEAR(NOW())-'Dados de Entrada'!J$6>=B77,H76*(1+VLOOKUP('Dados de Entrada'!J$6+B76,C$95:D$122,2)),"") -> 324861.76
B78: 10 | C78: =0.00635637852668087 +0.0712542999950912/(B78+1) -0.296774990294309/(B78+1)^2 +0.363971017624909/(B78+1)^3 -> 0.010654813 | D78: =IF(YEAR(NOW())-'Dados de Entrada'!J$16>B78,D79/(1-C78),IF(YEAR(NOW())-'Dados de Entrada'!J$16<B78,D77*(1-C77),'Dados de Entrada'!J$17)) -> 159970 | E78: =D78-D79 -> 1704.4505 | F78: =IF(YEAR(NOW())-'Dados de Entrada'!J$16>B78,"",IF('Dados de Entrada'!E$4/12>='Dados de Entrada'!J$16+B78+1-YEAR(NOW()),E78,IF('Dados de Entrada'!E$4/12>'Dados de Entrada'!J$16+B78-YEAR(NOW()),('Dados de Entrada'!E$4/12-ROUNDDOWN('Dados de Entrada'!E$4/12,0))*E78,""))) -> 1704.4505 | G78: =IF(OR(F78="",E78=0),"",F78/E78*D78) -> 159970 | H78: =IF(YEAR(NOW())-'Dados de Entrada'!J$6>=B78,H77*(1+VLOOKUP('Dados de Entrada'!J$6+B77,C$95:D$122,2)),"") -> 338440.98
B79: 11 | C79: =0.00635637852668087 +0.0712542999950912/(B79+1) -0.296774990294309/(B79+1)^2 +0.363971017624909/(B79+1)^3 -> 0.010443931 | D79: =IF(YEAR(NOW())-'Dados de Entrada'!J$16>B79,D80/(1-C79),IF(YEAR(NOW())-'Dados de Entrada'!J$16<B79,D78*(1-C78),'Dados de Entrada'!J$17)) -> 158265.55 | E79: =D79-D80 -> 1652.9144 | F79: =IF(YEAR(NOW())-'Dados de Entrada'!J$16>B79,"",IF('Dados de Entrada'!E$4/12>='Dados de Entrada'!J$16+B79+1-YEAR(NOW()),E79,IF('Dados de Entrada'!E$4/12>'Dados de Entrada'!J$16+B79-YEAR(NOW()),('Dados de Entrada'!E$4/12-ROUNDDOWN('Dados de Entrada'!E$4/12,0))*E79,""))) -> 1652.9144 | G79: =IF(OR(F79="",E79=0),"",F79/E79*D79) -> 158265.55 | H79: =IF(YEAR(NOW())-'Dados de Entrada'!J$6>=B79,H78*(1+VLOOKUP('Dados de Entrada'!J$6+B78,C$95:D$122,2)),"")
B80: 12 | C80: =0.00635637852668087 +0.0712542999950912/(B80+1) -0.296774990294309/(B80+1)^2 +0.363971017624909/(B80+1)^3 -> 0.010247081 | D80: =IF(YEAR(NOW())-'Dados de Entrada'!J$16>B80,D81/(1-C80),IF(YEAR(NOW())-'Dados de Entrada'!J$16<B80,D79*(1-C79),'Dados de Entrada'!J$17)) -> 156612.64 | E80: =D80-D81 -> 1604.8223 | F80: =IF(YEAR(NOW())-'Dados de Entrada'!J$16>B80,"",IF('Dados de Entrada'!E$4/12>='Dados de Entrada'!J$16+B80+1-YEAR(NOW()),E80,IF('Dados de Entrada'!E$4/12>'Dados de Entrada'!J$16+B80-YEAR(NOW()),('Dados de Entrada'!E$4/12-ROUNDDOWN('Dados de Entrada'!E$4/12,0))*E80,""))) | G80: =IF(OR(F80="",E80=0),"",F80/E80*D80) | H80: =IF(YEAR(NOW())-'Dados de Entrada'!J$6>=B80,H79*(1+VLOOKUP('Dados de Entrada'!J$6+B79,C$95:D$122,2)),"")
... B89: 21 | C89: =0.00635637852668087 +0.0712542999950912/(B89+1) -0.296774990294309/(B89+1)^2 +0.363971017624909/(B89+1)^3 -> 0.009016221 | D89: =IF(YEAR(NOW())-'Dados de Entrada'!J$16>B89,D90/(1-C89),IF(YEAR(NOW())-'Dados de Entrada'!J$16<B89,D88*(1-C88),'Dados de Entrada'!J$17)) -> 143548.93 | E89: =D89-D90 -> 1294.2689 | F89: =IF(YEAR(NOW())-'Dados de Entrada'!J$16>B89,"",IF('Dados de Entrada'!E$4/12>='Dados de Entrada'!J$16+B89+1-YEAR(NOW()),E89,IF('Dados de Entrada'!E$4/12>'Dados de Entrada'!J$16+B89-YEAR(NOW()),('Dados de Entrada'!E$4/12-ROUNDDOWN('Dados de Entrada'!E$4/12,0))*E89,""))) | G89: =IF(OR(F89="",E89=0),"",F89/E89*D89) | H89: =IF(YEAR(NOW())-'Dados de Entrada'!J$6>=B89,H88*(1+VLOOKUP('Dados de Entrada'!J$6+B88,C$95:D$122,2)),"")
B90: 22 | C90: =0.00635637852668087 +0.0712542999950912/(B90+1) -0.296774990294309/(B90+1)^2 +0.363971017624909/(B90+1)^3 -> 0.0089232949 | D90: =IF(YEAR(NOW())-'Dados de Entrada'!J$16>B90,D91/(1-C90),IF(YEAR(NOW())-'Dados de Entrada'!J$16<B90,D89*(1-C89),'Dados de Entrada'!J$17)) -> 142254.66 | E90: =YEAR(NOW())-'Dados de Entrada'!J$16 -> 10 | F90: =IF(YEAR(NOW())-'Dados de Entrada'!J$16>B90,"",IF('Dados de Entrada'!E$4/12>='Dados de Entrada'!J$16+B90+1-YEAR(NOW()),E90,IF('Dados de Entrada'!E$4/12>'Dados de Entrada'!J$16+B90-YEAR(NOW()),('Dados de Entrada'!E$4/12-ROUNDDOWN('Dados de Entrada'!E$4/12,0))*E90,""))) | G90: =IF(OR(F90="",E90=0),"",F90/E90*D90) | H90: =IF(YEAR(NOW())-'Dados de Entrada'!J$6>=B90,H89*(1+VLOOKUP('Dados de Entrada'!J$6+B89,C$95:D$122,2)),"")
C92: Veículo paradígma da licitação
C94: Ano | D94: IPCA
C95: 2001 | D95: 0.0767
C96: 2002 | D96: 0.1253
C97: 2003 | D97: 0.093
C98: 2004 | D98: 0.076
C99: 2005 | D99: 0.0569
C100: 2006 | D100: 0.0314
C101: 2007 | D101: 0.0446
C102: 2008 | D102: 0.059
C103: 2009 | D103: 0.0431
C104: 2010 | D104: 0.0591
C105: 2011 | D105: 0.065
C106: 2012 | D106: 0.0584
... C117: 2023 | D117: 0.0462
C118: 2024 | D118: ='Dados de Entrada'!E11 -> 0.0381
C119: 2025 | D119: ='Dados de Entrada'!E12 -> 0.0418
C120: 2026 | D120: ='Dados de Entrada'!E13 -> 0.038
C121: 2027 | D121: ='Dados de Entrada'!E14 -> 0.035
C122: 2028 | D122: ='Dados de Entrada'!E15 -> 0.035

Sheet Manutenção
A1: Ônibus 3 | B1: Ônibus 1 | C1: Van | D1: Faixa Etária | E1: Coeficiente de Consumo de Peças e Acessórios por km
A2: =IF('Depreciação e Infração'!F15="","",'Depreciação e Infração'!F15/'Depreciação e Infração'!E15*E2) | B2: =IF('Depreciação e Infração'!F41="","",'Depreciação e Infração'!F41/'Depreciação e Infração'!E41*E2) | C2: =IF('Depreciação e Infração'!F68="","",'Depreciação e Infração'!F68/'Depreciação e Infração'!E68*E2) | D2: 0 | E2: =7.692307692*10^(-7) -> 7.6923077e-07
A3: =IF('Depreciação e Infração'!F16="","",'Depreciação e Infração'!F16/'Depreciação e Infração'!E16*E3) | B3: =IF('Depreciação e Infração'!F42="","",'Depreciação e Infração'!F42/'Depreciação e Infração'!E42*E3) | C3: =IF('Depreciação e Infração'!F69="","",'Depreciação e Infração'!F69/'Depreciação e Infração'!E69*E3) | D3: 1 | E3: =7.692307692*10^(-7) -> 7.6923077e-07
A4: =IF('Depreciação e Infração'!F17="","",'Depreciação e Infração'!F17/'Depreciação e Infração'!E17*E4) | B4: =IF('Depreciação e Infração'!F43="","",'Depreciação e Infração'!F43/'Depreciação e Infração'!E43*E4) | C4: =IF('Depreciação e Infração'!F70="","",'Depreciação e Infração'!F70/'Depreciação e Infração'!E70*E4) | D4: 2 | E4: =7.692307692*10^(-7) -> 7.6923077e-07
A5: =IF('Depreciação e Infração'!F18="","",'Depreciação e Infração'!F18/'Depreciação e Infração'!E18*E5) | B5: =IF('Depreciação e Infração'!F44="","",'Depreciação e Infração'!F44/'Depreciação e Infração'!E44*E5) | C5: =IF('Depreciação e Infração'!F71="","",'Depreciação e Infração'!F71/'Depreciação e Infração'!E71*E5) | D5: 3 | E5: =8.974358974*10^(-7) -> 8.974359e-07
A6: =IF('Depreciação e Infração'!F19="","",'Depreciação e Infração'!F19/'Depreciação e Infração'!E19*E6) | B6: =IF('Depreciação e Infração'!F45="","",'Depreciação e Infração'!F45/'Depreciação e Infração'!E45*E6) | C6: =IF('Depreciação e Infração'!F72="","",'Depreciação e Infração'!F72/'Depreciação e Infração'!E72*E6) | D6: 4 | E6: =8.974358974*10^(-7) -> 8.974359e-07
A7: =IF('Depreciação e Infração'!F20="","",'Depreciação e Infração'!F20/'Depreciação e Infração'!E20*E7) | B7: =IF('Depreciação e Infração'!F46="","",'Depreciação e Infração'!F46/'Depreciação e Infração'!E46*E7) | C7: =IF('Depreciação e Infração'!F73="","",'Depreciação e Infração'!F73/'Depreciação e Infração'!E73*E7) | D7: 5 | E7: =1.025641026*10^(-6) -> 1.025641e-06
A8: =IF('Depreciação e Infração'!F21="","",'Depreciação e Infração'!F21/'Depreciação e Infração'!E21*E8) | B8: =IF('Depreciação e Infração'!F47="","",'Depreciação e Infração'!F47/'Depreciação e Infração'!E47*E8) | C8: =IF('Depreciação e Infração'!F74="","",'Depreciação e Infração'!F74/'Depreciação e Infração'!E74*E8) | D8: 6 | E8: =1.025641026*10^(-6) -> 1.025641e-06
A9: =IF('Depreciação e Infração'!F22="","",'Depreciação e Infração'!F22/'Depreciação e Infração'!E22*E9) | B9: =IF('Depreciação e Infração'!F48="","",'Depreciação e Infração'!F48/'Depreciação e Infração'!E48*E9) | C9: =IF('Depreciação e Infração'!F75="","",'Depreciação e Infração'!F75/'Depreciação e Infração'!E75*E9) | D9: 7 | E9: =1.153846154*10^(-6) -> 1.1538462e-06
A10: =IF('Depreciação e Infração'!F23="","",'Depreciação e Infração'!F23/'Depreciação e Infração'!E23*E10) | B10: =IF('Depreciação e Infração'!F49="","",'Depreciação e Infração'!F49/'Depreciação e Infração'!E49*E10) | C10: =IF('Depreciação e Infração'!F76="","",'Depreciação e Infração'!F76/'Depreciação e Infração'!E76*E10) | D10: 8 | E10: =1.153846154*10^(-6) -> 1.1538462e-06
A11: =IF('Depreciação e Infração'!F24="","",'Depreciação e Infração'!F24/'Depreciação e Infração'!E24*E11) | B11: =IF('Depreciação e Infração'!F50="","",'Depreciação e Infração'!F50/'Depreciação e Infração'!E50*E11) | C11: =IF('Depreciação e Infração'!F77="","",'Depreciação e Infração'!F77/'Depreciação e Infração'!E77*E11) | D11: 9 | E11: =1.282051282*10^(-6) -> 1.2820513e-06
A12: =IF('Depreciação e Infração'!F25="","",'Depreciação e Infração'!F25/'Depreciação e Infração'!E25*E12) -> 1.2820513e-06 | B12: =IF('Depreciação e Infração'!F51="","",'Depreciação e Infração'!F51/'Depreciação e Infração'!E51*E12) -> 1.2820513e-06 | C12: =IF('Depreciação e Infração'!F78="","",'Depreciação e Infração'!F78/'Depreciação e Infração'!E78*E12) -> 1.2820513e-06 | D12: 10 | E12: =1.282051282*10^(-6) -> 1.2820513e-06
A13: =IF('Depreciação e Infração'!F26="","",'Depreciação e Infração'!F26/'Depreciação e Infração'!E26*E13) -> 1.5384615e-06 | B13: =IF('Depreciação e Infração'!F52="","",'Depreciação e Infração'!F52/'Depreciação e Infração'!E52*E13) -> 1.5384615e-06 | C13: =IF('Depreciação e Infração'!F79="","",'Depreciação e Infração'!F79/'Depreciação e Infração'!E79*E13) -> 1.5384615e-06 | D13: 11 | E13: =1.538461538*10^(-6) -> 1.5384615e-06
A14: =IF('Depreciação e Infração'!F27="","",'Depreciação e Infração'!F27/'Depreciação e Infração'!E27*E14) | B14: =IF('Depreciação e Infração'!F53="","",'Depreciação e Infração'!F53/'Depreciação e Infração'!E53*E14) | C14: =IF('Depreciação e Infração'!F80="","",'Depreciação e Infração'!F80/'Depreciação e Infração'!E80*E14) | D14: 12 | E14: =1.538461538*10^(-6) -> 1.5384615e-06
A15: =IF('Depreciação e Infração'!F28="","",'Depreciação e Infração'!F28/'Depreciação e Infração'!E28*E15) | B15: =IF('Depreciação e Infração'!F54="","",'Depreciação e Infração'!F54/'Depreciação e Infração'!E54*E15) | C15: =IF('Depreciação e Infração'!F81="","",'Depreciação e Infração'!F81/'Depreciação e Infração'!E81*E15) | D15: 13 | E15: =1.538461538*10^(-6) -> 1.5384615e-06
A16: =IF('Depreciação e Infração'!F29="","",'Depreciação e Infração'!F29/'Depreciação e Infração'!E29*E16) | B16: =IF('Depreciação e Infração'!F55="","",'Depreciação e Infração'!F55/'Depreciação e Infração'!E55*E16) | C16: =IF('Depreciação e Infração'!F82="","",'Depreciação e Infração'!F82/'Depreciação e Infração'!E82*E16) | D16: 14 | E16: =1.538461538*10^(-6) -> 1.5384615e-06
A17: =IF('Depreciação e Infração'!F30="","",'Depreciação e Infração'!F30/'Depreciação e Infração'!E30*E17) | B17: =IF('Depreciação e Infração'!F56="","",'Depreciação e Infração'!F56/'Depreciação e Infração'!E56*E17) | C17: =IF('Depreciação e Infração'!F83="","",'Depreciação e Infração'!F83/'Depreciação e Infração'!E83*E17) | D17: 15 | E17: =1.538461538*10^(-6) -> 1.5384615e-06
A18: =IF('Depreciação e Infração'!F31="","",'Depreciação e Infração'!F31/'Depreciação e Infração'!E31*E18) | B18: =IF('Depreciação e Infração'!F57="","",'Depreciação e Infração'!F57/'Depreciação e Infração'!E57*E18) | C18: =IF('Depreciação e Infração'!F84="","",'Depreciação e Infração'!F84/'Depreciação e Infração'!E84*E18) | D18: 16 | E18: =1.538461538*10^(-6) -> 1.5384615e-06
A19: =IF('Depreciação e Infração'!F32="","",'Depreciação e Infração'!F32/'Depreciação e Infração'!E32*E19) | B19: =IF('Depreciação e Infração'!F58="","",'Depreciação e Infração'!F58/'Depreciação e Infração'!E58*E19) | C19: =IF('Depreciação e Infração'!F85="","",'Depreciação e Infração'!F85/'Depreciação e Infração'!E85*E19) | D19: 17 | E19: =1.538461538*10^(-6) -> 1.5384615e-06
A20: =IF('Depreciação e Infração'!F33="","",'Depreciação e Infração'!F33/'Depreciação e Infração'!E33*E20) | B20: =IF('Depreciação e Infração'!F59="","",'Depreciação e Infração'!F59/'Depreciação e Infração'!E59*E20) | C20: =IF('Depreciação e Infração'!F86="","",'Depreciação e Infração'!F86/'Depreciação e Infração'!E86*E20) | D20: 18 | E20: =1.538461538*10^(-6) -> 1.5384615e-06
A21: =IF('Depreciação e Infração'!F34="","",'Depreciação e Infração'!F34/'Depreciação e Infração'!E34*E21) | B21: =IF('Depreciação e Infração'!F60="","",'Depreciação e Infração'!F60/'Depreciação e Infração'!E60*E21) | C21: =IF('Depreciação e Infração'!F87="","",'Depreciação e Infração'!F87/'Depreciação e Infração'!E87*E21) | D21: 19 | E21: =1.538461538*10^(-6) -> 1.5384615e-06
A22: =IF('Depreciação e Infração'!F35="","",'Depreciação e Infração'!F35/'Depreciação e Infração'!E35*E22) | B22: =IF('Depreciação e Infração'!F61="","",'Depreciação e Infração'!F61/'Depreciação e Infração'!E61*E22) | C22: =IF('Depreciação e Infração'!F88="","",'Depreciação e Infração'!F88/'Depreciação e Infração'!E88*E22) | D22: 20 | E22: =1.538461538*10^(-6) -> 1.5384615e-06
A23: =IF('Depreciação e Infração'!F36="","",'Depreciação e Infração'!F36/'Depreciação e Infração'!E36*E23) | C23: =IF('Depreciação e Infração'!F89="","",'Depreciação e Infração'!F89/'Depreciação e Infração'!E89*E23) | D23: 21 | E23: =1.538461538*10^(-6) -> 1.5384615e-06
A24: =IF('Depreciação e Infração'!F37="","",'Depreciação e Infração'!F37/'Depreciação e Infração'!E37*E24) | C24: =IF('Depreciação e Infração'!F90="","",'Depreciação e Infração'!F90/'Depreciação e Infração'!E90*E24) | D24: 22 | E24: =1.538461538*10^(-6) -> 1.5384615e-06

Sheet Encargos Sociais
A1: 3 | B1: ENCARGOS SOCIAIS
G2: PARÂMETROS | J2: PARÂMETROS | M2: PARÂMETROS
C3: Profissional | E3: =======> | G3: Motorista (+36 passageiros) | J3: Motorista (21 a 36 passageiros) | M3: Motorista (01 a 20 passageiros)
C4: Jornada | E4: =======> | G4: 44h | J4: 44h | M4: 44h
C5: Fonte | E5: =======>
C6: Turno de Trabalho | E6: =======>
B8: PLANILHA DE FORMAÇÃO DE CUSTOS | E8: Base | G8: =G3&" - "&G6 -> Motorista (+36 passageiros) - | J8: =J3&" - "&J6 -> Motorista (21 a 36 passageiros) - | M8: =M3&" - "&M6 -> Motorista (01 a 20 passageiros) -
G9: % | H9: Valor Mensal (R$) | J9: % | K9: Valor mensal (R$) | M9: % | N9: Valor mensal (R$)
B11: REMUNERAÇÃO DA MÃO DE OBRA
B12: Valor do Piso Salarial | H12: ='Dados de Entrada'!J25 -> 3043.51 | K12: ='Dados de Entrada'!J22 -> 2093.08 | N12: ='Dados de Entrada'!J28 -> 1762.03
B13: TOTAL REMUNERAÇÃO | H13: =SUM(H12) -> 3043.51 | K13: =SUM(K12) -> 2093.08 | N13: =SUM(N12) -> 1762.03
B15: MONTANTE A
B16: ENCARGOS SOCIAIS E PROVISÕES DE ENCARGOS TRABALHISTAS(INCIDENTES SOBRE REMUNERAÇÃO)
B17: GRUPO A - OBRIGAÇÕES SOCIAIS
B18: A.01 | C18: INSS - Artigo 22 inciso I Lei 8.212/91 | E18: 0.2 | G18: =$E18 -> 0.2 | H18: =H13*G18 -> 608.702 | J18: =$E18 -> 0.2 | K18: =K13*J18 -> 418.616 | M18: =$E18 -> 0.2 | N18: =N13*M18 -> 352.406
B19: A.02 | C19: FGTS - Artigo 15 Lei 8030/90 e Art. 7º inciso III CF/88 | E19: 0.08 | G19: =$E19 -> 0.08 | H19: =H13*G19 -> 243.4808 | J19: =$E19 -> 0.08 | K19: =K13*J19 -> 167.4464 | M19: =$E19 -> 0.08 | N19: =N13*M19 -> 140.9624
B20: A.03 | C20: SESI/SESC - Artigo 3º Lei 8.036/90 | E20: 0.015 | G20: =$E20 -> 0.015 | H20: =G20*H13 -> 45.65265 | J20: =$E20 -> 0.015 | K20: =J20*K13 -> 31.3962 | M20: =$E20 -> 0.015 | N20: =M20*N13 -> 26.43045
B21: A.04 | C21: SENAI/SENAC - Decreto 2.318/86 | E21: 0.01 | G21: =$E21 -> 0.01 | H21: =G21*H13 -> 30.4351 | J21: =$E21 -> 0.01 | K21: =J21*K13 -> 20.9308 | M21: =$E21 -> 0.01 | N21: =M21*N13 -> 17.6203
B22: A.05 | C22: INCRA - Lei 7787 de 30/06/89 e DL 1146/70 | E22: 0.002 | G22: =$E22 -> 0.002 | H22: =G22*H13 -> 6.08702 | J22: =$E22 -> 0.002 | K22: =J22*K13 -> 4.18616 | M22: =$E22 -> 0.002 | N22: =M22*N13 -> 3.52406
B23: A.06 | C23: SEBRAE - Artigo 8º Lei 8029/90 e Lei 8154 de 28/12/90 | E23: 0.006 | G23: =$E23 -> 0.006 | H23: =G23*H13 -> 18.26106 | J23: =$E23 -> 0.006 | K23: =J23*K13 -> 12.55848 | M23: =$E23 -> 0.006 | N23: =M23*N13 -> 10.57218
B24: A.07 | C24: Salário Educação - Artigo 3º Inciso I Decreto 87.043/82 | E24: 0.025 | G24: =$E24 -> 0.025 | H24: =G24*H13 -> 76.08775 | J24: =$E24 -> 0.025 | K24: =J24*K13 -> 52.327 | M24: =$E24 -> 0.025 | N24: =M24*N13 -> 44.05075
B25: A.08 | C25: SAT/FAP ( de acordo CNAE/FAP) | E25: 0.03 | G25: 0.03 | H25: =G25*H13 -> 91.3053 | J25: 0.03 | K25: =J25*K13 -> 62.7924 | M25: 0.03 | N25: =M25*N13 -> 52.8609
B26: Subtotal Grupo A | E26: =SUM(E18:E25) -> 0.368 | G26: =SUM(G18:G25) -> 0.368 | H26: =SUM(H18:H25) -> 1120.0117 | J26: =SUM(J18:J25) -> 0.368 | K26: =SUM(K18:K25) -> 770.25344 | M26: =SUM(M18:M25) -> 0.368 | N26: =SUM(N18:N25) -> 648.42704
B27: GRUPO B - CUSTO DE REPOSIÇÃO DO PROFISSIONAL AUSENTE
B28: B.01 | C28: Férias | E28: 0 | G28: 0 | H28: 0 | J28: 0 | K28: 0 | M28: 0 | N28: 0
B29: B.02 | C29: Aviso Prévio Trabalhado | E29: 0.0001 | G29: =$E29 -> 0.0001 | H29: =H13*G29 -> 0.304351 | J29: =$E29 -> 0.0001 | K29: =K13*J29 -> 0.209308 | M29: =$E29 -> 0.0001 | N29: =N13*M29 -> 0.176203
B30: B.03 | C30: Ausências por Doença | E30: 0.0154 | G30: =$E30 -> 0.0154 | H30: =H13*G30 -> 46.870054 | J30: =$E30 -> 0.0154 | K30: =K13*J30 -> 32.233432 | M30: =$E30 -> 0.0154 | N30: =N13*M30 -> 27.135262
B31: B.04 | C31: Acidente de Trabalho | E31: 0.0002 | G31: =$E31 -> 0.0002 | H31: =H13*G31 -> 0.608702 | J31: =$E31 -> 0.0002 | K31: =K13*J31 -> 0.418616 | M31: =$E31 -> 0.0002 | N31: =N13*M31 -> 0.352406
B32: B.05 | C32: Faltas Legais | E32: 0.0091 | G32: =$E32 -> 0.0091 | H32: =H13*G32 -> 27.695941 | J32: =$E32 -> 0.0091 | K32: =K13*J32 -> 19.047028 | M32: =$E32 -> 0.0091 | N32: =N13*M32 -> 16.034473
B33: B.06 | C33: Licença paternidade | E33: 0.0004 | G33: =$E33 -> 0.0004 | H33: =H13*G33 -> 1.217404 | J33: =$E33 -> 0.0004 | K33: =K13*J33 -> 0.837232 | M33: =$E33 -> 0.0004 | N33: =N13*M33 -> 0.704812
B34: Subtotal Grupo B | E34: =SUM(E28:E33) -> 0.0252 | G34: =SUM(G28:G33) -> 0.0252 | H34: =SUM(H28:H33) -> 76.696452 | J34: =SUM(J28:J33) -> 0.0252 | K34: =SUM(K28:K33) -> 52.745616 | M34: =SUM(M28:M33) -> 0.0252 | N34: =SUM(N28:N33) -> 44.403156
B35: GRUPO C - GRATIFICAÇÕES
B36: C.01 | C36: Adicional 1/3 Férias | E36: 0.031 | G36: =$E36 -> 0.031 | H36: =H13*G36 -> 94.34881 | J36: =$E36 -> 0.031 | K36: =K13*J36 -> 64.88548 | M36: =$E36 -> 0.031 | N36: =N13*M36 -> 54.62293
B37: C.02 | C37: 13º Salário | E37: 0.0833 | G37: 0.0833 | H37: =H13*G37 -> 253.52438 | J37: =$E37 -> 0.0833 | K37: =K13*J37 -> 174.35356 | M37: =$E37 -> 0.0833 | N37: =N13*M37 -> 146.7771
B38: Subtotal Grupo C | E38: =SUM(E36:E37) -> 0.1143 | G38: =SUM(G36:G37) -> 0.1143 | H38: =SUM(H36:H37) -> 347.87319 | J38: =SUM(J36:J37) -> 0.1143 | K38: =SUM(K36:K37) -> 239.23904 | M38: =SUM(M36:M37) -> 0.1143 | N38: =SUM(N36:N37) -> 201.40003
B39: GRUPO D - INDENIZAÇÕES
B40: D.01 | C40: Aviso Prévio indenizado + Férias e 1/3 Const. + 13º indenizado | E40: 0.0131 | G40: =$E40 -> 0.0131 | H40: =G40*H13 -> 39.869981 | J40: =$E40 -> 0.0131 | K40: =J40*K13 -> 27.419348 | M40: =$E40 -> 0.0131 | N40: =M40*N13 -> 23.082593
B41: D.02 | C41: FGTS sobre Aviso Prévio + FGTS sobre 13º indenizado | E41: 0.0009 | G41: =$E41 -> 0.0009 | H41: =G41*H13 -> 2.739159 | J41: =$E41 -> 0.0009 | K41: =J41*K13 -> 1.883772 | M41: =$E41 -> 0.0009 | N41: =M41*N13 -> 1.585827
B42: D.03 | C42: Indenização compensatória por demissão s/justa causa | E42: 0.0231 | G42: =$E42 -> 0.0231 | H42: =G42*H13 -> 70.305081 | J42: =$E42 -> 0.0231 | K42: =J42*K13 -> 48.350148 | M42: =$E42 -> 0.0231 | N42: =M42*N13 -> 40.702893
B43: Subtotal Grupo D | E43: =SUM(E40:E42) -> 0.0371 | G43: =SUM(G40:G42) -> 0.0371 | H43: =SUM(H40:H42) -> 112.91422 | J43: =SUM(J40:J42) -> 0.0371 | K43: =SUM(K40:K42) -> 77.653268 | M43: =SUM(M40:M42) -> 0.0371 | N43: =SUM(N40:N42) -> 65.371313
B44: GRUPO E - LICENÇA MATERNIDADE
B45: E.01 | C45: Aprovisionamento de Férias sobre licença maternidade | E45: 0 | G45: 0 | H45: 0 | J45: 0 | K45: 0 | M45: 0 | N45: 0
B46: E.02 | C46: Aprovisionamento de 1/3 constitucional/ Férias sobre licença maternidade | E46: 0 | G46: 0 | H46: 0 | J46: 0 | K46: 0 | M46: 0 | N46: 0
B47: E.03 | C47: Incidência do Grupo A sobre o Grupo licença maternidade | E47: 0 | G47: 0 | H47: 0 | J47: 0 | K47: 0 | M47: 0 | N47: 0
B48: Subtotal Grupo E | E48: =SUM(E45:E47) -> 0 | G48: =SUM(G45:G47) -> 0 | H48: =SUM(H45:H47) -> 0 | J48: =SUM(J45:J47) -> 0 | K48: =SUM(K45:K47) -> 0 | M48: =SUM(M45:M47) -> 0 | N48: =SUM(N45:N47) -> 0
B49: GRUPO F - INCIDENCIA DO GRUPO A
B50: F.01 | C50: Incidência Grupo A x ( Grupo B + C) | E50: =E26*(E34+E38) -> 0.051336 | G50: =$E50 -> 0.051336 | H50: =H13*G50 -> 156.24163 | J50: =$E50 -> 0.051336 | K50: =K13*J50 -> 107.45035 | M50: =$E50 -> 0.051336 | N50: =N13*M50 -> 90.455572
B51: Subtotal Grupo F | E51: =SUM(E50) -> 0.051336 | G51: =SUM(G50) -> 0.051336 | H51: =SUM(H50) -> 156.24163 | J51: =SUM(J50) -> 0.051336 | K51: =SUM(K50) -> 107.45035 | M51: =SUM(M50) -> 0.051336 | N51: =SUM(N50) -> 90.455572
B53: TAXA TOTAL DE ENCARGOS SOCIAIS | E53: =ROUND(E48+E43+E34+E26+E51+E38,5) -> 0.59594 | G53: =ROUND(G48+G43+G34+G26+G51+G38,5) -> 0.59594 | H53: =H26+H34+H43+H48+H51+H38 -> 1813.7372 | J53: =ROUND(J48+J43+J34+J26+J51+J38,5) -> 0.59594 | K53: =K26+K34+K43+K48+K51+K38 -> 1247.3417 | M53: =ROUND(M48+M43+M34+M26+M51+M38,5) -> 0.59594 | N53: =N26+N34+N43+N48+N51+N38 -> 1050.0571
B54: TOTAL DE REMUNERAÇÃO + ENCARGOS SOCIAIS | G54: =H53+H13 -> 4857.2472 | J54: =K53+K13 -> 3340.4217 | M54: =N53+N13 -> 2812.0871
B56: MONTANTE B
B57: BENEFÍCIOS E UNIFORMES
B58: Auxílio Alimentação - Convenção Coletiva | H58: ='Dados de Entrada'!J26 -> 0 | K58: ='Dados de Entrada'!J23 -> 0
B59: Uniformes (ata da SAD)
B60: Subtotal - Benefícios e Uniformes | H60: =SUM(H58:H59) -> 0 | K60: =SUM(K58:K59) -> 0 | N60: =SUM(N58:N59) -> 0
B61: TOTAL MONTANTE B | H61: =H60 -> 0 | K61: =K60 -> 0 | N61: =N60 -> 0
B63: QUADRO RESUMO DO VALOR MENSAL DO SERVIÇO
B64: VALOR MENSAL DO SERVIÇO | G64: =G54+H61 -> 4857.2472 | J64: =J54+K61 -> 3340.4217 | M64: =M54+N61 -> 2812.0871

Sheet BDI
A1: BDI
A2: Devem ser informadas as parcelas que constituem o BDI, com seus respectivos percentuais.
A4: DESCRIÇÃO | B4: Taxa
A5: Taxa a título de BDI | B5: =B18 -> 0.21757291
A7: Parcelas | B7: Taxa (%)
A9: Despesas Indiretas | B9: =0.038+0.0049 -> 0.0429
A10: Margem de Lucro | B10: 0.0665
A11: Taxas e Tributos | B11: =SUM(B12:B17) -> 0.0865
A13: ICMS | B13: 0
A14: ISS | B14: ='Dados de Entrada'!E6 -> 0.05
A15: PIS | B15: 0.0065
A16: COFINS | B16: 0.03
A18: Total | B18: =((1+B9)*(1+B10))/(1-B11)-1 -> 0.21757291
